Workbook
Name \b: #N/A
Name \c: #N/A
Name \e: #N/A
Name \i: #N/A
Name \m: #N/A
Name \r: #N/A
Name \t: #N/A
Name \x: #N/A
Name \z: #N/A
Name _____________INF1: #REF!
Name _____________INF1: #REF!
Name ____________INF1: #REF!
Name ____________INF1: #REF!
Name ___________INF1: #REF!
Name ___________INF1: #REF!
Name __________AIU1: #REF!
Name __________AIU1: #REF!
Name __________AIU2: [1]BASE!$C$5
Name __________Cod1: #REF!
Name __________Cod1: #REF!
Name __________INF1: #REF!
Name __________INF1: #REF!
Name __________Pa2: #N/A
Name __________Pa3: #N/A
Name __________Pa4: #N/A
Name __________Po2: [2]REAJUSTESACTA1PROVI!#REF!
Name __________Po2: [2]REAJUSTESACTA1PROVI!#REF!
Name __________ST166: #N/A
Name __________TPE8016: #N/A
Name __________TPE8020: #N/A
Name __________TPE8025: #N/A
Name __________TPN1002: #N/A
Name __________TPN1003: #N/A
Name __________TPN1004: #N/A
Name __________TPN1006: #N/A
Name __________TPN1008: #N/A
Name __________TPN1202: #N/A
Name __________TPN1203: #N/A
Name __________TPN1204: #N/A
Name __________TPN1206: #N/A
Name __________TPN1208: #N/A
Name __________TPN16012: #N/A
Name __________TPN1602: #N/A
Name __________TPN1603: #N/A
Name __________TPN1604: #N/A
Name __________TPN1606: #N/A
Name __________TPN1608: #N/A
Name __________TUZ22: #N/A
Name __________TUZ36: #N/A
Name __________TZ323: #N/A
Name __________TZ324: #N/A
Name _________AIU1: #REF!
Name _________AIU1: #REF!
Name _________AIU2: [1]BASE!$C$5
Name _________Cod1: #REF!
Name _________Cod1: #REF!
Name _________INF1: #REF!
Name _________INF1: #REF!
Name _________Pa1: #N/A
Name _________Pa2: #N/A

Sheet Materiales Toledo
C2: =+#REF! -> #REF! | L2: Transporte Vehicular
C3: DEPARTAMENTO DE ANTIOQUIA | L3: Transporte mular
C4: SECRETARÍA DE PLANEACIÓN Y OBRAS PÚBLICAS
C5: PRECIOS MATERIALES EN LA CABECERA MUNICIPAL MUNICIPIO DE SAN TOLEDO ANT.
B7: ITEM | C7: MATERIAL | D7: UND | E7: VLR UND | F7: PESO KG X UND | G7: VLR TTE UNIDAD | H7: VALR TTE MULAR UND | I7: VLR TTAL UND | J7: IMPUESTOS | K7: VLR TTAL MATERIAL | M7: =+#REF! -> #REF!
B9: 1 | C9: MANO DE OBRA | M9: =+#REF! -> #REF!
B11: =+B9+0.01 -> 1.01 | C11: Ayudante de Cerrajería sin prestaciones | D11: Día | E11: 32000 | I11: =+E11+G11+H11 -> 32000 | K11: =+I11+J11 -> 32000
B12: =+B11+0.01 -> 1.02 | C12: Ayudante Raso Día sin prestaciones | D12: Día | E12: 25250 | I12: =+E12+G12+H12 -> 25250 | K12: =+I12+J12 -> 25250
B13: =+B12+0.01 -> 1.03 | C13: Ayudante entendido día sin prestaciones | D13: Día | E13: 30150 | I13: =+E13+G13+H13 -> 30150 | K13: =+I13+J13 -> 30150
B14: =+B13+0.01 -> 1.04 | C14: Botada de tierra en Sitio | D14: M³ | E14: 16000 | I14: =+E14+G14+H14 -> 16000 | K14: =+I14+J14 -> 16000
B15: =+B14+0.01 -> 1.05 | C15: Cerrajero | D15: Día | E15: 52000 | I15: =+E15+G15+H15 -> 52000 | K15: =+I15+J15 -> 52000
B16: =+B15+0.01 -> 1.06 | C16: Comisión de Topografía | D16: Día | E16: 300000 | I16: =+E16+G16+H16 -> 300000 | K16: =+I16+J16 -> 300000
B17: =+B16+0.01 -> 1.07 | C17: Construcción de Casetón en madera común, Recuperable | D17: M² | E17: 3800 | I17: =+E17+G17+H17 -> 3800 | K17: =+I17+J17 -> 3800
B18: =+B17+0.01 -> 1.08 | C18: Instalación Ala puerta 0,70 En Madera | D18: Und | E18: 18000 | I18: =+E18+G18+H18 -> 18000 | K18: =+I18+J18 -> 18000
B19: =+B18+0.01 -> 1.09 | C19: Instalación Ala Puerta 0,80 en madera | D19: Und | E19: 18000 | I19: =+E19+G19+H19 -> 18000 | K19: =+I19+J19 -> 18000
B20: =+B19+0.01 -> 1.1 | C20: Instalación Ala Puerta 0,90 en Madera | D20: Und | E20: 18000 | I20: =+E20+G20+H20 -> 18000 | K20: =+I20+J20 -> 18000
B21: =+B20+0.01 -> 1.11 | C21: Instalación de Cerraduras De golpe y Pomo | D21: Und | E21: 7500 | I21: =+E21+G21+H21 -> 7500 | K21: =+I21+J21 -> 7500
B22: =+B21+0.01 -> 1.12 | C22: Instalación Juego de Incrustaciones | D22: Und | E22: 20000 | I22: =+E22+G22+H22 -> 20000 | K22: =+I22+J22 -> 20000
B23: =+B22+0.01 -> 1.13 | C23: Instalación Lavamanos, incluye instalación de grifería | D23: Und | E23: 25000 | I23: =+E23+G23+H23 -> 25000 | K23: =+I23+J23 -> 25000
... B26: =+B25+0.01 -> 1.16 | C26: Instalación Marco puerta 0,90 en madera | D26: Und | E26: 28000 | I26: =+E26+G26+H26 -> 28000 | K26: =+I26+J26 -> 28000
B27: =+B48+0.01 -> 1.29 | C27: Instalación Reja metálcia en varilla cuadrada de 1" | D27: M² | E27: 35000 | I27: =+E27+G27+H27 -> 35000 | K27: =+I27+J27 -> 35000
B28: =+B49+0.01 -> 1.3 | C28: Instalación de puerta Vidriera con marco, con chapetas | D28: M² | E28: 17500 | I28: =+E28+G28+H28 -> 17500 | K28: =+I28+J28 -> 17500
B29: =+B50+0.01 -> 1.3 | C29: Instalación de puerta En aluminio sin cerradura | D29: Und | E29: 9500 | I29: =+E29+G29+H29 -> 9500 | K29: =+I29+J29 -> 9500
B30: =+B26+0.01 -> 1.17 | C30: Instalación Sanitario, incluye instalación de grifería | D30: Und | E30: 25000 | I30: =+E30+G30+H30 -> 25000 | K30: =+I30+J30 -> 25000
B31: =+B30+0.01 -> 1.18 | C31: Instalación Ventanería en Aluminio | D31: M² | E31: 6500 | I31: =+E31+G31+H31 -> 6500 | K31: =+I31+J31 -> 6500
B32: =+B30+0.01 -> 1.18 | C32: Mano de Obra Salida eléctrica a 110 con cableado | D32: Und | E32: 12000 | I32: =+E32+G32+H32 -> 12000 | K32: =+I32+J32 -> 12000
B33: =+B31+0.01 -> 1.19 | C33: Mano de Obra Salida eléctrica Sin cableado | D33: Und | E33: 6000 | I33: =+E33+G33+H33 -> 6000 | K33: =+I33+J33 -> 6000
B34: =+B33+0.01 -> 1.2 | C34: Ofiacial Día 1a Acabados sin prestaciones | D34: Día | E34: 40000 | I34: =+E34+G34+H34 -> 40000 | K34: =+I34+J34 -> 40000
B35: =+B34+0.01 -> 1.21 | C35: Ofiacial Instalador Drywall sin prestaciones | D35: Día | E35: 40000 | I35: =+E35+G35+H35 -> 40000 | K35: =+I35+J35 -> 40000
B36: =+B34+0.01 -> 1.21 | C36: Ofiacial Día 1a Obra negra sin prestaciones | D36: Día | E36: 35600 | I36: =+E36+G36+H36 -> 35600 | K36: =+I36+J36 -> 35600
B37: =+B36+0.01 -> 1.22 | C37: Ofiacial Día Plomería sin prestaciones | D37: Día | E37: 40000 | I37: =+E37+G37+H37 -> 40000 | K37: =+I37+J37 -> 40000
B38: =+B37+0.01 -> 1.23 | C38: Pintura Barniz 3 Manos con pistola lineal | D38: Ml | E38: 2500 | I38: =+E38+G38+H38 -> 2500 | K38: =+I38+J38 -> 2500
B39: =+B38+0.01 -> 1.24 | C39: Pintura Barniz 3 Manos con pistola | D39: M² | E39: 4200 | I39: =+E39+G39+H39 -> 4200 | K39: =+I39+J39 -> 4200
B40: 1.24 | C40: Mano de Obra enchape en piedra | D40: M² | E40: 12500 | I40: =+E40+G40+H40 -> 12500 | K40: =+I40+J40 -> 12500
B41: =+B39+0.01 -> 1.25 | C41: Mano de obra salida de voz | D41: Salida | E41: 12000 | I41: =+E41+G41+H41 -> 12000 | K41: =+I41+J41 -> 12000
B42: =+B40+0.01 -> 1.25 | C42: Mano de obra salida de sonido | D42: Salida | E42: 12000 | I42: =+E42+G42+H42 -> 12000 | K42: =+I42+J42 -> 12000
B43: =+B40+0.01 -> 1.25 | C43: Mano de obra salida de Datos | D43: Salida | E43: 12000 | I43: =+E43+G43+H43 -> 12000 | K43: =+I43+J43 -> 12000
B44: =+B41+0.01 -> 1.26 | C44: Mano de obra salida de Televisión | D44: Salida | E44: 12000 | I44: =+E44+G44+H44 -> 12000 | K44: =+I44+J44 -> 12000
B45: =+B41+0.01 -> 1.26 | C45: Mano de obra carpinteria por metro lineal gurda escobas | D45: ml | E45: 3500 | I45: =+E45+G45+H45 -> 3500 | K45: 3800
B46: =+B45+0.01 -> 1.27 | C46: Mano de obra red electrica con cableado | D46: ml | E46: 11000 | I46: =+E46+G46+H46 -> 11000 | K46: =+I46+J46 -> 11000
B47: =+B46+0.01 -> 1.28 | C47: Mano de obra red electrica sin cableado | D47: ml | E47: 5500 | I47: =+E47+G47+H47 -> 5500 | K47: =+I47+J47 -> 5500
B48: =+B46+0.01 -> 1.28 | C48: Mano de obra pintura pared 3 Manos | D48: M² | E48: 5000 | I48: =+E48+G48+H48 -> 5000 | K48: =+I48+J48 -> 5000
B49: =+B47+0.01 -> 1.29 | C49: Mano de obra pintura cielo 3 Manos | D49: M² | E49: 5000 | I49: =+E49+G49+H49 -> 5000 | K49: =+I49+J49 -> 5000
B50: =+B47+0.01 -> 1.29 | C50: Mano de obra pintura con pistola 3 Manos | D50: M² | E50: 5500 | I50: =+E50+G50+H50 -> 5500 | K50: =+I50+J50 -> 5500
B51: =+B46+0.01 -> 1.28 | C51: Mano de obra Estuco | D51: M² | E51: 5500 | I51: =+E51+G51+H51 -> 5500 | K51: =+I51+J51 -> 5500
B52: =+B48+0.01 -> 1.29 | C52: Mano de obra Instalación poso séptico | D52: Und | E52: 200000 | I52: =+E52+G52+H52 -> 200000 | K52: =+I52+J52 -> 200000
B54: 2 | C54: MATERIAL EN VOLQUETA
B56: =+B54+0.01 -> 2.01 | C56: Tierra M³ en Volqueta con paleros | D56: M³ | E56: 32500 | F56: 1000 | I56: =+E56+G56+H56 -> 32500 | K56: =+I56+J56 -> 32500
B57: =+B55+0.01 -> 0.01 | C57: Gravilla (Arena y Triturado de Río) | D57: M³ | E57: =300000/7 -> 42857.143 | F57: 1000 | H57: 12000 | I57: =+E57+G57+H57 -> 54857.143 | K57: =+I57+J57 -> 54857.143
B58: =+B56+0.01 -> 2.02 | C58: Triturado de 3/4" Con volqueta | D58: M³ | E58: =300000/7 -> 42857.143 | F58: 1000 | I58: =+E58+G58+H58 -> 42857.143 | K58: =+I58+J58 -> 42857.143
B59: =+B58+0.01 -> 2.03 | C59: Arena de Revoque con volqueta | D59: M³ | E59: =300000/7 -> 42857.143 | F59: 1000 | H59: 12000 | I59: =+E59+G59+H59 -> 54857.143 | K59: =+I59+J59 -> 54857.143
B60: =+B59+0.01 -> 2.04 | C60: Arena de Concreto Con volqueta | D60: M³ | E60: =300000/7 -> 42857.143 | F60: 1000 | H60: 12000 | I60: =+E60+G60+H60 -> 54857.143 | K60: =+I60+J60 -> 54857.143
B61: =+B60+0.01 -> 2.05 | C61: Piedra cantera con volqueta | D61: M³ | E61: 55000 | F61: 1000 | I61: =+E61+G61+H61 -> 55000 | K61: =+I61+J61 -> 55000
B62: =+B61+0.01 -> 2.06 | C62: Base Granular en Volqueta | D62: M³ | E62: 42500 | I62: =+E62+G62+H62 -> 42500 | K62: =+I62+J62 -> 42500
B63: =+B62+0.01 -> 2.07 | C63: Arena de pega con Volqueta | D63: M³ | E63: 42500 | I63: =+E63+G63+H63 -> 42500 | K63: =+I63+J63 -> 42500
B64: =+B63+0.01 -> 2.08 | C64: Piedra para entresuelo con volqueta | D64: M³ | E64: 42500 | I64: =+E64+G64+H64 -> 42500 | K64: =+I64+J64 -> 42500
B65: =+B64+0.01 -> 2.09 | C65: Piedra de 1/2" redonda | D65: M³ | E65: 42500 | I65: =+E65+G65+H65 -> 42500 | K65: =+I65+J65 -> 42500
B66: =+B65+0.01 -> 2.1 | C66: Afirmado | D66: M³ | E66: 41000 | I66: =+E66+G66+H66 -> 41000 | K66: =+I66+J66 -> 41000
B67: =+B66+0.01 -> 2.11 | C67: Piedra de cantera Para ciclópeo | D67: M³ | E67: 55000 | I67: =+E67+G67+H67 -> 55000 | K67: =+I67+J67 -> 55000
B68: =+B67+0.01 -> 2.12 | C68: Piedra de Valdivia en Volqueta | D68: M² | E68: 59500 | I68: =+E68+G68+H68 -> 59500 | K68: =+I68+J68 -> 59500
B69: =+B68+0.01 -> 2.13 | C69: Botada de escombros | D69: M³ | E69: 32500 | I69: =+E69+G69+H69 -> 32500 | K69: =+I69+J69 -> 32500
B71: 3 | C71: MATERIALES FERRETERÍA
B73: =+B71+0.01 -> 3.01 | C73: Accesorio valvula de paso 1/2 matalico | D73: Und | E73: 5000 | I73: =+E73+G73+H73 -> 5000 | K73: =+I73+J73 -> 5000
B74: =+B73+0.01 -> 3.02 | C74: Adaptador terminal PVC eléctrico 11/2" | D74: Und | E74: 1650 | I74: =+E74+G74+H74 -> 1650 | K74: =+I74+J74 -> 1650
B75: =+B74+0.01 -> 3.03 | C75: Adaptador terminal PVC eléctrico 1/2" | D75: Und | E75: 950 | I75: =+E75+G75+H75 -> 950 | K75: =+I75+J75 -> 950
B76: =+B74+0.01 -> 3.03 | C76: Agua M³ | D76: M³ | E76: 1200 | I76: =+E76+G76+H76 -> 1200 | K76: =+I76+J76 -> 1200
B77: =+B76+0.01 -> 3.04 | C77: Ala Puerta Madera de 0,70 | D77: Und | E77: 95000 | I77: =+E77+G77+H77 -> 95000 | K77: =+I77+J77 -> 95000
B78: =+B77+0.01 -> 3.05 | C78: Ala Puerta Madera de 0,80 | D78: Und | E78: 110000 | I78: =+E78+G78+H78 -> 110000 | K78: =+I78+J78 -> 110000
B79: =+B77+0.01 -> 3.05 | C79: Ala Puerta Madera de 0,90 | D79: Und | E79: 145000 | I79: =+E79+G79+H79 -> 145000 | K79: =+I79+J79 -> 145000
B80: =+B79+0.01 -> 3.06 | C80: Ala Puerta Madera de 100 | D80: Und | E80: 160000 | I80: =+E80+G80+H80 -> 160000 | K80: =+I80+J80 -> 160000
B81: =+B80+0.01 -> 3.07 | C81: Alamb. Cu timbre-telef. JPWATT 2x22 | D81: Ml | E81: 4500 | I81: =+E81+G81+H81 -> 4500 | K81: =+I81+J81 -> 4500
B82: =+B80+0.01 -> 3.07 | C82: Alamb.Cu timbre-sonido.JWP ATT 2x22 | D82: Ml | E82: 4500 | I82: =+E82+G82+H82 -> 4500 | K82: =+I82+J82 -> 4500
B83: =+B82+0.01 -> 3.08 | C83: Alambre de cobre aislado THW # 1/0 | D83: Ml | E83: 15400 | I83: =+E83+G83+H83 -> 15400 | K83: =+I83+J83 -> 15400
B84: =+B83+0.01 -> 3.09 | C84: Alambre de cobre aislado THW # 6 | D84: Ml | E84: 7200 | I84: =+E84+G84+H84 -> 7200 | K84: =+I84+J84 -> 7200
B85: =+B83+0.01 -> 3.09 | C85: Alambre de cobre aislado THW # 10 | D85: Ml | E85: 2500 | I85: =+E85+G85+H85 -> 2500 | K85: =+I85+J85 -> 2500
B86: =+B85+0.01 -> 3.1 | C86: Alambre de cobre aislado THW # 12 | D86: Ml | E86: 1400 | I86: =+E86+G86+H86 -> 1400 | K86: =+I86+J86 -> 1400
B87: =+B86+0.01 -> 3.11 | C87: Baldosa monocolor 30 x 30 | D87: M² | E87: 27200 | I87: =+E87+G87+H87 -> 27200 | K87: =+I87+J87 -> 27200
B88: =+B86+0.01 -> 3.11 | C88: Baldosa monocolor para guarda escobas | D88: Ml | E88: 2700 | I88: =+E88+G88+H88 -> 2700 | K88: =+I88+J88 -> 2700
B89: =+B88+0.01 -> 3.12 | C89: Baldosín 20 x 20 cm blanco corona | D89: M² | E89: 29500 | I89: =+E89+G89+H89 -> 29500 | K89: =+I89+J89 -> 29500
B90: =+B89+0.01 -> 3.13 | C90: Bisagra nudo 3,1 1/2 x 3,1 1/2 de Cobre | D90: Und | E90: 2000 | I90: =+E90+G90+H90 -> 2000 | K90: =+I90+J90 -> 2000
B91: =+B89+0.01 -> 3.13 | C91: Bloque de concreto 15 x 20 x 40 | D91: Und | E91: 2300 | I91: =+E91+G91+H91 -> 2300 | K91: =+I91+J91 -> 2300
B92: =+B91+0.01 -> 3.14 | C92: Bombilla Ahorradora luz blanca | D92: Und | E92: 16500 | I92: =+E92+G92+H92 -> 16500 | K92: =+I92+J92 -> 16500
B93: =+B92+0.01 -> 3.15 | C93: Caballetera 15° | D93: Und | E93: 17500 | I93: =+E93+G93+H93 -> 17500 | K93: =+I93+J93 -> 17500
B94: =+B92+0.01 -> 3.15 | C94: Cable coaxial | D94: ml | E94: 3600 | I94: =+E94+G94+H94 -> 3600 | K94: =+I94+J94 -> 3600
B95: =+B94+0.01 -> 3.16 | C95: Cable para datos con terminales | D95: ml | E95: 3800 | I95: =+E95+G95+H95 -> 3800 | K95: =+I95+J95 -> 3800
B96: =+B95+0.01 -> 3.17 | C96: Caja empalme galv. recta 4" x 4" | D96: Und | E96: 4300 | I96: =+E96+G96+H96 -> 4300 | K96: =+I96+J96 -> 4300
B97: =+B95+0.01 -> 3.17 | C97: Cal Bto x 50 kg | D97: Bto | E97: 29500 | I97: =+E97+G97+H97 -> 29500 | K97: =+I97+J97 -> 29500
B98: =+B97+0.01 -> 3.18 | C98: Csetón en icopor, no recuperable | D98: M² | E98: 18500 | I98: =+E98+G98+H98 -> 18500 | K98: =+I98+J98 -> 18500
B99: =+B98+0.01 -> 3.19 | C99: Cemento Blanco x 25 kg | D99: Bto | E99: 29500 | I99: =+E99+G99+H99 -> 29500 | K99: 34500
B100: =+B98+0.01 -> 3.19 | C100: Cemento Gris x 50 kg | D100: Bto | E100: 23200 | G100: 3000 | H100: 6000 | I100: =+E100+G100+H100 -> 32200 | K100: =+I100+J100 -> 32200
B101: =+B100+0.01 -> 3.2 | C101: Cerradura de POMO | D101: Und | E101: 27000 | I101: =+E101+G101+H101 -> 27000 | K101: =+I101+J101 -> 27000
B102: =+B101+0.01 -> 3.21 | C102: Cerradura tipo GATO de golpe con cerrojo de tres pasos | D102: Und | E102: 22500 | I102: =+E102+G102+H102 -> 22500 | K102: =+I102+J102 -> 22500
B103: =+B101+0.01 -> 3.21 | C103: Clavo común de 2" | D103: Lb | E103: 2500 | I103: =+E103+G103+H103 -> 2500 | K103: =+I103+J103 -> 2500
B104: =+B103+0.01 -> 3.22 | C104: Clavos acero | D104: Lb | E104: 2500 | H104: 50 | I104: =+E104+G104+H104 -> 2550 | K104: =+I104+J104 -> 2550
B105: =+B104+0.01 -> 3.23 | C105: Codo 45° 1/8 cxe 3" PVC | D105: Und | E105: 3200 | I105: =+E105+G105+H105 -> 3200 | K105: =+I105+J105 -> 3200
B106: =+B104+0.01 -> 3.23 | C106: Codo 45° cxe 1/2"PVC | D106: Und | E106: 940 | I106: =+E106+G106+H106 -> 940 | K106: =+I106+J106 -> 940
B107: =+B106+0.01 -> 3.24 | C107: Codo 90° cxc 1/2" PVC | D107: Und | E107: 940 | I107: =+E107+G107+H107 -> 940 | K107: =+I107+J107 -> 940
B108: =+B107+0.01 -> 3.25 | C108: Codo 90°-1/4 cxc 3" PVC | D108: Und | E108: 3200 | I108: =+E108+G108+H108 -> 3200 | K108: =+I108+J108 -> 3200
B109: =+B107+0.01 -> 3.25 | C109: Inodoro sencillo Corona blanco, incluye grifería | D109: Und | E109: 210000 | I109: =+E109+G109+H109 -> 210000 | K109: =+I109+J109 -> 210000
B110: =+B109+0.01 -> 3.26 | C110: Juego de incrustaciones corona Blanco | D110: Juego | E110: 25000 | I110: =+E110+G110+H110 -> 25000 | K110: =+I110+J110 -> 25000
...

Sheet APUs 
B1: MUNICIPIO DE REMEDIOS - ANTIOQUIA
B4: ANALISIS DE PRECIOS UNITARIOS A.P.U.
A5: PROYECTO: | B5: ESCUELA CAÑO TIGRE
A6: DESCRIPCION: | D6: UNIDAD | E6: ITEM:
A7: LOCALIZACIÓN, TRAZADO Y REPLANTEO | D7: m2 | E7: =#REF! -> #REF!
A9: RECURSOS | B9: UN | C9: CANTIDAD | D9: Valor UNIT. | E9: VALOR TOTAL
A11: MATERIALES
A12: Clavo común de 1" | B12: lb | C12: 0.01 | D12: 2800 | E12: =C12*D12 -> 28
A13: Larguero de 2"X2" por 3m | B13: un | C13: 0.015 | D13: 5500 | E13: =C13*D13 -> 82.5
E14: 0
D15: Subtotal = | E15: =SUM(E12:E14) -> 110.5
A16: EQUIPO
A17: COMISION TOPOGRAFICA | B17: GLOBAL | C17: 130 | D17: 370000 | E17: =D17/C17 -> 2846.1538
D18: Subtotal = | E18: =E17 -> 2846.1538
A19: MANO DE OBRA
D20: Subtotal = | E20: =E18 -> 2846.1538
A21: TRANSPORTE
A22: Transporte externo | B22: M2 | C22: 1 | D22: 600 | E22: =C22*D22 -> 600
E23: 0
D24: Subtotal = | E24: =SUM(E22:E23) -> 600
D25: Total Costo Directo = | E25: =ROUND(E24+E20+E15,0) -> 3557
B27: MUNICIPIO DE REMEDIOS - ANTIOQUIA
B30: ANALISIS DE PRECIOS UNITARIOS A.P.U.
A31: PROYECTO: | B31: ESCUELA CAÑO TIGRE
A32: DESCRIPCION: | D32: UNIDAD | E32: ITEM:
A33: cerramiento provicional En tela de verde con una altura de 2.1 m. Incluye STI de la tela, estructura en madera común, excavación manual en cualquier material, concreto de 17,5 Mpa para fijacion de estructura y todos los demás elementos necesarios para su correcta instalación. | D33: m | E33: =#REF! -> #REF!
A35: RECURSOS | B35: UN | C35: CANTIDAD | D35: Valor UNIT. | E35: VALOR TOTAL
A37: MATERIALES
A38: Tela cerramiento obra verde, ancho: 2.10 m | B38: m | C38: 1 | D38: 3100 | E38: =C38*D38 -> 3100
A39: Concreto para obra 17 Mpa | B39: m3 | C39: 0.017 | D39: 560000 | E39: =C39*D39 -> 9520
A40: Larguero madera común | B40: un | C40: 0.5 | D40: 5220 | E40: =C40*D40 -> 2610
D41: Subtotal = | E41: =SUM(E38:E40) -> 15230
A42: EQUIPO
A43: herramienta | B43: GLOBAL | C43: 1 | D43: =E48*0.05 -> #REF! | E43: =D43/C43 -> #REF!
D44: Subtotal = | E44: =E43 -> #REF!
A45: MANO DE OBRA
A46: oficial | B46: jor | C46: 0.09 | D46: =#REF! -> #REF! | E46: =D46*C46 -> #REF!
A47: ayudante | B47: jor | C47: 0.12 | D47: =#REF! -> #REF! | E47: =D47*C47 -> #REF!
D48: Subtotal = | E48: =SUM(E46:E47) -> #REF!
A49: TRANSPORTE
A50: acarreo interno | B50: m | C50: 1 | D50: 600 | E50: =C50*D50 -> 600
A51: transporte externo | B51: m | C51: 0.005 | D51: 1200000 | E51: =C51*D51 -> 6000
D52: Subtotal = | E52: =SUM(E50:E51) -> 6600
D53: Total Costo Directo = | E53: =ROUND(E52+E48+E41,0) -> #REF!
B55: =B27 -> MUNICIPIO DE REMEDIOS - ANTIOQUIA
B58: ANALISIS DE PRECIOS UNITARIOS A.P.U.
A59: PROYECTO: | B59: =B31 -> ESCUELA CAÑO TIGRE
A60: DESCRIPCION: | D60: UNIDAD | E60: ITEM:
A61: DEMOLICIÓN ANDENES O PISOS, cargue, transporte y botada de escombros de ESPESOR MÁXIMO DE 0.15m en CONCRETO. Incluye retiro de cordones, retiro de enchape (baldosa, baldosín forros en arenón, madera, vinilo, granito esmerilado, concreto, pisos en gres, entre otros) | D61: m2 | E61: =#REF! -> #REF!
A63: RECURSOS | B63: UN | C63: CANTIDAD | D63: Valor UNIT. | E63: VALOR TOTAL
A65: MATERIALES
E66: =ROUND(D66*C66,0) -> 0
E67: =ROUND(D67*C67,0) -> 0
E68: =ROUND(D68*C68,0) -> 0
D69: Subtotal = | E69: =SUM(E66:E68) -> 0
A70: EQUIPO
A71: Herramienta | B71: Gl | C71: 1 | D71: 754 | E71: =ROUND(D71*C71,0) -> 754
A72: Compresor neumatico con martillo demoledor o perforador en superficie | B72: día | C72: 0.2 | D72: 65070 | E72: =ROUND(D72*C72,0) -> 13014
D75: Subtotal = | E75: =SUM(E71:E74) -> 13768
A76: MANO DE OBRA
A77: Ayudante | B77: jor | C77: 0.3 | D77: =#REF! -> #REF! | E77: =ROUND(D77*C77,0) -> #REF!
E78: =ROUND(D78*C78,0) -> 0
E79: =ROUND(D79*C79,0) -> 0
D80: Subtotal = | E80: =SUM(E77:E79) -> #REF!
A81: TRANSPORTE
A82: Acarreo interno | B82: m3 | C82: 0.195 | D82: 9000 | E82: =ROUND(D82*C82,0) -> 1755
A83: Cargue, transporte material - botada | B83: m3 | C83: 0.25 | D83: 30000 | E83: =ROUND(D83*C83,0) -> 7500
D84: Subtotal = | E84: =SUM(E82:E83) -> 9255
D85: Total Costo Directo = | E85: =E80+E75+E69+E84 -> #REF!
B87: =B59 -> ESCUELA CAÑO TIGRE
B90: ANALISIS DE PRECIOS UNITARIOS A.P.U.
A91: PROYECTO: | B91: =B63 -> UN
A92: DESCRIPCION: | D92: UNIDAD | E92: ITEM:
A93: Retiro de cubierta teja de zinc | D93: m2 | E93: =#REF! -> #REF!
A95: RECURSOS | B95: UN | C95: CANTIDAD | D95: Valor UNIT. | E95: VALOR TOTAL
A97: MATERIALES
A99: EQUIPO
A100: Herramienta | B100: Gl | C100: 1 | D100: =E108*0.05 -> 180 | E100: =ROUND(D100*C100,0) -> 180
A101: Sección completa de andamio (1.2m-1.5m) x 1.5 m. (+ 4 ruedas) Incluye transporte. | B101: día | C101: 0.125 | D101: 2500 | E101: =ROUND(D101*C101,0) -> 313
A102: Can zunchado en madera común de 5,0cmx20cmx3,0m (alquiler). Incluye transporte. | B102: día | C102: 0.25 | D102: 650 | E102: =ROUND(D102*C102,0) -> 163
D103: Subtotal = | E103: =SUM(E100:E102) -> 656
A104: MANO DE OBRA
A105: Ayudante | B105: jor | C105: 0.02 | D105: 58446 | E105: =ROUND(D105*C105,0) -> 1169
A106: Oficial | B106: jor | C106: 0.02 | D106: 121552 | E106: =ROUND(D106*C106,0) -> 2431
E107: =ROUND(D107*C107,0) -> 0
D108: Subtotal = | E108: =SUM(E105:E107) -> 3600
A109: TRANSPORTE
A110: transporte botada de materiales | B110: m | C110: 0.08 | D110: 9000 | E110: =ROUND(D110*C110,0) -> 720
D111: Subtotal = | E111: =SUM(E110:E110) -> 720
D112: Total Costo Directo = | E112: =E108+E103+E98+E111 -> 4976
B115: =B55 -> MUNICIPIO DE REMEDIOS - ANTIOQUIA
B118: ANALISIS DE PRECIOS UNITARIOS A.P.U.
A119: PROYECTO: | B119: =B59 -> ESCUELA CAÑO TIGRE
A120: DESCRIPCION: | D120: UNIDAD | E120: ITEM:
A121: Retiro de Estructura en Madera | D121: m2 | E121: =#REF! -> #REF!
A123: RECURSOS | B123: UN | C123: CANTIDAD | D123: Valor UNIT. | E123: VALOR TOTAL
A125: MATERIALES
A127: EQUIPO
A128: Herramienta | B128: Gl | C128: 1 | D128: =E136*0.05 -> 180 | E128: =ROUND(D128*C128,0) -> 180
A129: Sección completa de andamio (1.2m-1.5m) x 1.5 m. (+ 4 ruedas) Incluye transporte. | B129: día | C129: 0.125 | D129: 2500 | E129: =ROUND(D129*C129,0) -> 313
...

Sheet PRESUP. OBRA
A1: OBRAS PARA EL MEJORAMIENTO DE CASETA COMUNAL MONTEFRIO EN EL MUNICIPIO DE SANTA ROSA DE OSOS
A7: PRESUPUESTO OFICIAL
A8: ITEM | B8: ESPECIFICACIONES | C8: UND. | D8: CANT. | E8: VLR UNITARIO | F8: VLR TOTAL
A9: 1 | B9: RETIROS | F9: =SUM(F10:F11) -> 52735
A10: 1.1 | B10: RETIRO DE PUERTAS (marco y ala) metálicas, en aluminio, en madera o puerta reja. | C10: un | D10: 2 | E10: =' APU'!E20 -> 15946 | F10: =D10*E10 -> 31892
A11: 1.2 | B11: RETIRO DE VENTANAS con vidrio, metálicas, en aluminio, en madera o ventana reja | C11: un | D11: 1 | E11: =' APU'!E43 -> 20843 | F11: =D11*E11 -> 20843
A12: 2 | B12: DEMOLICIONES | F12: =SUM(F13:F14) -> 1360020.8
A13: 2.1 | B13: DEMOLICIÓN MAMPOSTERÍA EN LADRILLO DE 10-15 cm DE ESPESOR | C13: m2 | D13: =2.1*2.2 -> 4.62 | E13: =' APU'!E65 -> 12782 | F13: =D13*E13 -> 59052.84
A14: 2.2 | B14: DEMOLICIÓN PISO EN BALDOSA (Piso y paredes) | C14: m2 | D14: =9.5*8 -> 76 | E14: =' APU'!E87 -> 17118 | F14: =D14*E14 -> 1300968
A15: 3 | B15: DINTELES PUERTAS | F15: =SUM(F16) -> 301110.16
A16: 3.1 | B16: Construcción de DINTELES EN CONCRETO DE 21 Mpa DE 0.10 a 0.15 X 0.20 m. | C16: m | D16: 1.2 | E16: =' APU'!E111 -> 250925.13 | F16: =D16*E16 -> 301110.16
A17: 4 | B17: MUROS | F17: =SUM(F18) -> 389408.71
A18: 4.1 | B18: Construcción de MAMPOSTERIA EN LADRILLO PARA REVOCAR O ENCHAPAR una cara o dos caras, DE 15 x 20 x 40 cm. ESPESOR DE 15 cm. | C18: m2 | D18: =2.1*2.2 -> 4.62 | E18: =' APU'!E136 -> 84287.6 | F18: =D18*E18 -> 389408.71
A19: 5 | B19: REVOQUE, ESTUCO Y PINTURA | F19: =SUM(F20:F22) -> 5650669.9
A20: 5.1 | B20: Suministro, transporte y Colocación de Revoque con mortero 1:4 impermeabilizado en muros; incluye filetes y fajas | C20: m2 | D20: =2.1*2.2*2 -> 9.24 | E20: =' APU'!E157 -> 36763.95 | F20: =D20*E20 -> 339698.9
A21: 5.2 | B21: Suministro, transporte y Aplicación de estuco plástico para muros interiores revocados. Incluye detallado de fajas, esquinas y todos los elementos necesarios para su correcta ejecución. | C21: m2 | D21: =D20 -> 9.24 | E21: =' APU'!E178 -> 28351.85 | F21: =D21*E21 -> 261971.09
A22: 5.3 | B22: Suministro, transporte y Aplicación de Pintura en muros con vinilo tipo 1 de primera calidad sobre muros revocados y/o estucados, tres manos o las necesarias hasta obtener una superficie pareja y homogénea. Incluye suministro y transporte de los materiales, resanes, tapa poros en estuco plástico tipo plastestuco o equivalente diluido en agua proporción 1:2, adecuación de la superficie a intervenir hasta obtener una superficie pareja y homogénea, color a definir | C22: m2 | D22: =D20*2+((9.5*2*2.7+8*2*2.7))*2 -> 207.48 | E22: =' APU'!E198 -> 24334.875 | F22: =D22*E22 -> 5048999.9
A23: 6 | B23: PISOS | F23: =SUM(F24:F25) -> 18238570
A24: 6.1 | B24: Suministro, transporte e instalación de enchape de piso en baldosa en cualquier formato Incluye:Guardaescoba de 10 cm, pegacor, varilla de PVC intermatex en la parte superior y en cambios de dirección, lechada con boquilla (con-color), crucetas plasticas de 2 mm. | C24: m2 | D24: =9.5*8 -> 76 | E24: =' APU'!E225 -> 171573.17 | F24: =D24*E24 -> 13039561
A25: 6.2 | B25: Construcción de PISO O PLACA en concreto de 21 Mpa, espesor de 0,08 m a 0,12m. sobre el terreno y/o entresuelo. | C25: m2 | D25: =(9.5*2+8*2)*1.5 -> 52.5 | E25: =' APU'!E249 -> 99028.75 | F25: =D25*E25 -> 5199009.4
A26: 7 | B26: PUERTAS | F26: =SUM(F27:F27) -> 2655541.2
A27: 7.1 | B27: Suministro, transporte e instalación de puerta metálica acceso a alcobas dimensiones 0.80mx 1,90 m, incluye cerrajeria y elementos para su correcta instalación | C27: und | D27: 3 | E27: =' APU'!E274 -> 885180.4 | F27: =D27*E27 -> 2655541.2
A28: 8 | B28: VENTANERIA | F28: =SUM(F29:F29) -> 609507.5
A29: 8.1 | B29: Suministro, transporte e instalación de ventana en aluminio 4mm corrediza dimensiones 1.0mx1.20m | C29: und | D29: 2 | E29: =' APU'!E297 -> 304753.75 | F29: =D29*E29 -> 609507.5
C31: Total Costos Directos | F31: =+F28+F26+F9+F12+F15+F17+F19+F23 -> 29257563
C32: Retenciones de ley | E32: 0.1332 | F32: =F34-F31 -> 4495970.7
A34: =A1 -> OBRAS PARA EL MEJORAMIENTO DE CASETA COMUNAL MONTEFRIO EN EL MUNICIPIO DE SANTA ROSA DE OSOS | F34: =F31/((100-13.32)/100) -> 33753534

Sheet AU
A1: ='PRESUP. OBRA'!A1:D6 -> OBRAS PARA EL MEJORAMIENTO DE CASETA COMUNAL MONTEFRIO EN EL MUNICIPIO DE SANTA ROSA DE OSOS
A7: ANALISIS DE AU
B8: Costo directo total | G8: ='PRESUP. OBRA'!F31 -> 29257563
B10: Costo Total Obra | G10: ='PRESUP. OBRA'!F34 -> 33753534
B12: Costos de administración de obra
B14: Descripción | C14: UNIDAD | D14: CANTIDAD | E14: PARTICIPACIÓN | F14: VALOR UNITARIO | G14: VALOR TOTAL
A16: 1 | B16: Personal de obra
B17: ingeniero civil | C17: meses | D17: 2 | E17: 0.7 | F17: 3500000 | G17: =F17*D17*E17 -> 4900000
B18: Contador publico | C18: meses | D18: 2 | E18: 0.3 | F18: 3000000 | G18: =F18*D18*E18 -> 1800000
B19: Total personal de obra | G19: =SUM(G17:G18) -> 6700000
A21: 2 | B21: Costos de servicios públicos
B23: Total costos de servicios públicos | G23: =SUM(G22:G22) -> 0
A25: 3 | B25: Otros gastos generales
B27: Total otros - gastos generales | G27: =SUM(G26:G26) -> 0
A29: 4 | B29: Costos de legalización del contrato
B31: Total costos de legalización del contrato | G31: =SUM(G30:G30) -> 0
A33: 5 | B33: Costos de impuestos o carga impositiva
A34: 6.1 | B34: Pro Adulto Mayor | D34: 1 | E34: 0.04 | F34: =$G$10 -> 33753534 | G34: =F34*E34 -> 1350141.4
A35: 6.2 | B35: Pro Cultura | D35: 1 | E35: 0.02 | F35: =$G$10 -> 33753534 | G35: =F35*E35 -> 675070.68
A36: 6.3 | B36: Justicia Familia | D36: 1 | E36: 0.02 | F36: =$G$10 -> 33753534 | G36: =F36*E36 -> 675070.68
A37: 6.4 | B37: Pro deportes | D37: 1 | E37: 0.015 | F37: =$G$10 -> 33753534 | G37: =F37*E37 -> 506303.01
A38: 6.5 | B38: Fondo seguridad | D38: 1 | E38: 0.05 | F38: =$G$10 -> 33753534 | G38: =F38*E38 -> 1687676.7
B40: Total costos de impuestos | G40: =SUM(G34:G38) -> 4894262.4
B42: Total costos de administración y retenciones | F42: =G42/G8 -> 0.39628257 | G42: =G40+G31+G27+G23+G19 -> 11594262
B44: Administración | F44: =G42/G10 -> 0.34349773
B46: Utilidad | F46: 0.05
B48: Total Retenciones | G48: =SUM(G42:G47) -> 11594262

Sheet  APU
A1: ='PRESUP. OBRA'!A1 -> OBRAS PARA EL MEJORAMIENTO DE CASETA COMUNAL MONTEFRIO EN EL MUNICIPIO DE SANTA ROSA DE OSOS
A2: SECRETARÍA DE INFRAESTRUCTURA
A3: Análisis de Precios Unitarios
A4: ANALISIS DE PRECIOS UNITARIOS
A5: ='PRESUP. OBRA'!B10 -> RETIRO DE PUERTAS (marco y ala) metálicas, en aluminio, en madera o puerta reja. | E5: No. Ítem | F5: Unidad
E6: ='PRESUP. OBRA'!A10 -> 1.1 | F6: ='PRESUP. OBRA'!C10 -> un
A7: Clave | B7: Materiales | C7: Unidad | D7: Cantidad | E7: V/Unitario | F7: V/Total
F8: =D8*E8 -> 0
A9: Importe de Materiales | C9: =F9/$E$20 -> 0 | E9: SUBTOTAL | F9: =SUM(F8:F8) -> 0
A10: Clave | B10: Mano de Obra | C10: Unidad | D10: Rendimiento | E10: V/Unitario | F10: V/Total
A11: OFICIAL + AYUDANTE1 | B11: Cuadrilla 1 Oficial + 1 Ayudante Entendido | C11: hr | D11: 0.32 | E11: ='DESG. CUADRILLAS'!$D$24/8 -> 47150.472 | F11: =ROUND(E11*D11,0) -> 15088
A12: Importe de Mano de Obra | C12: =F12/$E$20 -> 0.9461934 | E12: SUBTOTAL | F12: =F11 -> 15088
A13: Clave | B13: Herramienta | C13: Unidad | D13: Cantidad | E13: V/Unitario | F13: V/Total
A14: HERRAMIENTA MENOR | B14: Herramienta menor | C14: (%)mo | D14: 0.05 | E14: =F12 -> 15088 | F14: =ROUND(E14*D14,0) -> 754
A15: Importe de Herramienta | C15: =F15/$E$20 -> 0.047284585 | E15: SUBTOTAL | F15: =F14 -> 754
A16: Clave | B16: Conceptos | C16: Unidad | D16: Cantidad | E16: V/Unitario | F16: V/Total
A17: CARGUE/TRANS | B17: Cargue , transporte de materiales | C17: m3/km | D17: 0.02 | E17: 5200 | F17: =ROUND(E17*D17,0) -> 104
A18: Importe de Conceptos | C18: =F18/$E$20 -> 0.0065220118 | E18: SUBTOTAL | F18: =SUM(F17:F17) -> 104
A20: P R E C I O U N I T A R I O | E20: =F9+F12+F15+F18 -> 15946
A23: =$A$1 -> OBRAS PARA EL MEJORAMIENTO DE CASETA COMUNAL MONTEFRIO EN EL MUNICIPIO DE SANTA ROSA DE OSOS
A24: SECRETARÍA DE INFRAESTRUCTURA
A25: Análisis de Precios Unitarios
A26: ANALISIS DE PRECIOS UNITARIOS
A27: ='PRESUP. OBRA'!B11 -> RETIRO DE VENTANAS con vidrio, metálicas, en aluminio, en madera o ventana reja | E27: No. Ítem | F27: Unidad
E28: 1.2 | F28: un
A29: Clave | B29: Materiales | C29: Unidad | D29: Cantidad | E29: V/Unitario | F29: V/Total
A32: Importe de Materiales | C32: =F32/$E$157 -> 0 | E32: SUBTOTAL | F32: =SUM(F30:F31) -> 0
A33: Clave | B33: Mano de Obra | C33: Unidad | D33: Rendimiento | E33: V/Unitario | F33: V/Total
A34: OFICIAL + AYUDANTE1 | B34: Cuadrilla 1 Oficial + 1 Ayudante Entendido | D34: 0.4 | E34: ='DESG. CUADRILLAS'!D24/8 -> 47150.472 | F34: =ROUND(E34*D34,0) -> 18860
A35: Importe de Mano de Obra | C35: =F35/$E$157 -> 0.51300255 | E35: SUBTOTAL | F35: =SUM(F34:F34) -> 18860
A36: Clave | B36: Herramienta | C36: Unidad | D36: Cantidad | E36: V/Unitario | F36: V/Total
A37: HERRAMIENTA MENOR | B37: Herramienta menor | C37: (%)mo | D37: 0.05 | E37: =F35 -> 18860 | F37: =D37*E37 -> 943
A38: Importe de Herramienta | C38: =F38/$E$157 -> 0.025650127 | E38: SUBTOTAL | F38: =SUM(F37) -> 943
A39: Clave | B39: Conceptos | C39: Unidad | D39: Cantidad | E39: V/Unitario | F39: V/Total
A40: CARGUE/TRANS | B40: Cargue , transporte de materiales | C40: m3/km | D40: 0.2 | E40: 5200 | F40: =ROUND(E40*D40,0) -> 1040
A41: Importe de Equipos | C41: =F41/$E$157 -> 0.028288582 | E41: SUBTOTAL | F41: =SUM(F40:F40) -> 1040
A43: P R E C I O U N I T A R I O | E43: =F32+F35+F38+F41 -> 20843
A45: ='PRESUP. OBRA'!A1 -> OBRAS PARA EL MEJORAMIENTO DE CASETA COMUNAL MONTEFRIO EN EL MUNICIPIO DE SANTA ROSA DE OSOS
A46: SECRETARÍA DE INFRAESTRUCTURA
A47: Análisis de Precios Unitarios
A48: ANALISIS DE PRECIOS UNITARIOS
A49: ='PRESUP. OBRA'!B13 -> DEMOLICIÓN MAMPOSTERÍA EN LADRILLO DE 10-15 cm DE ESPESOR | E49: No. Ítem | F49: Unidad
E50: 2.1 | F50: m2
A51: Clave | B51: Materiales | C51: Unidad | D51: Cantidad | E51: V/Unitario | F51: V/Total
F52: =D52*E52 -> 0
A53: Importe de Materiales | C53: =F53/$E$20 -> 0 | E53: SUBTOTAL | F53: =SUM(F52:F52) -> 0
A54: Clave | B54: Mano de Obra | C54: Unidad | D54: Rendimiento | E54: V/Unitario | F54: V/Total
A55: AYUDANTE1 | B55: 1 Ayudante | C55: hr | D55: 0.32 | E55: ='DESG. CUADRILLAS'!F9/8 -> 12906.4 | F55: =ROUND(E55*D55,0) -> 4130
A56: Importe de Mano de Obra | C56: =F56/$E$20 -> 0.25899912 | E56: SUBTOTAL | F56: =F55 -> 4130
A57: Clave | B57: Herramienta | C57: Unidad | D57: Cantidad | E57: V/Unitario | F57: V/Total
A58: HERRAMIENTA MENOR | B58: Herramienta menor | C58: (%)mo | D58: 0.05 | E58: =F56 -> 4130 | F58: =ROUND(E58*D58,0) -> 207
A59: Equipo | B59: Martillo demoledor | C59: dia | D59: 0.05 | E59: 84000 | F59: =D59*E59 -> 4200
A60: Importe de Herramienta | C60: =F60/$E$20 -> 0.27637025 | E60: SUBTOTAL | F60: =F58+F59 -> 4407
A61: Clave | B61: Conceptos | C61: Unidad | D61: Cantidad | E61: V/Unitario | F61: V/Total
A62: CARGUE/TRANS | B62: Cargue , transporte de materiales | C62: m3/km | D62: 0.15 | E62: 28300 | F62: =ROUND(E62*D62,0) -> 4245
A63: Importe de Conceptos | C63: =F63/$E$20 -> 0.26621096 | E63: SUBTOTAL | F63: =SUM(F62:F62) -> 4245
A65: P R E C I O U N I T A R I O | E65: =F53+F56+F60+F63 -> 12782
A67: ='PRESUP. OBRA'!A1 -> OBRAS PARA EL MEJORAMIENTO DE CASETA COMUNAL MONTEFRIO EN EL MUNICIPIO DE SANTA ROSA DE OSOS
A68: SECRETARÍA DE INFRAESTRUCTURA
A69: Análisis de Precios Unitarios
A70: ANALISIS DE PRECIOS UNITARIOS
A71: ='PRESUP. OBRA'!B14 -> DEMOLICIÓN PISO EN BALDOSA (Piso y paredes) | E71: No. Ítem | F71: Unidad
E72: 2.1 | F72: m2
A73: Clave | B73: Materiales | C73: Unidad | D73: Cantidad | E73: V/Unitario | F73: V/Total
F74: =D74*E74 -> 0
A75: Importe de Materiales | C75: =F75/$E$20 -> 0 | E75: SUBTOTAL | F75: =SUM(F74:F74) -> 0
A76: Clave | B76: Mano de Obra | C76: Unidad | D76: Rendimiento | E76: V/Unitario | F76: V/Total
A77: AYUDANTE1 | B77: 2 Ayudantes | C77: hr | D77: 0.32 | E77: ='DESG. CUADRILLAS'!D22/8 -> 25812.8 | F77: =ROUND(E77*D77,0) -> 8260
A78: Importe de Mano de Obra | C78: =F78/$E$20 -> 0.51799824 | E78: SUBTOTAL | F78: =F77 -> 8260
A79: Clave | B79: Herramienta | C79: Unidad | D79: Cantidad | E79: V/Unitario | F79: V/Total
A80: HERRAMIENTA MENOR | B80: Herramienta menor | C80: (%)mo | D80: 0.05 | E80: =F78 -> 8260 | F80: =ROUND(E80*D80,0) -> 413
A81: Equipo | B81: Martillo demoledor | C81: dia | D81: 0.05 | E81: 84000 | F81: =D81*E81 -> 4200
A82: Importe de Herramienta | C82: =F82/$E$20 -> 0.28928885 | E82: SUBTOTAL | F82: =F80+F81 -> 4613
A83: Clave | B83: Conceptos | C83: Unidad | D83: Cantidad | E83: V/Unitario | F83: V/Total
A84: CARGUE/TRANS | B84: Cargue , transporte de materiales | C84: m3/km | D84: 0.15 | E84: 28300 | F84: =ROUND(E84*D84,0) -> 4245
A85: Importe de Conceptos | C85: =F85/$E$20 -> 0.26621096 | E85: SUBTOTAL | F85: =SUM(F84:F84) -> 4245
A87: P R E C I O U N I T A R I O | E87: =F75+F78+F82+F85 -> 17118
A89: ='PRESUP. OBRA'!A1 -> OBRAS PARA EL MEJORAMIENTO DE CASETA COMUNAL MONTEFRIO EN EL MUNICIPIO DE SANTA ROSA DE OSOS
A90: SECRETARÍA DE INFRAESTRUCTURA
A91: Análisis de Precios Unitarios
A92: ANALISIS DE PRECIOS UNITARIOS
A93: ='PRESUP. OBRA'!B16 -> Construcción de DINTELES EN CONCRETO DE 21 Mpa DE 0.10 a 0.15 X 0.20 m. | E93: No. Ítem | F93: Unidad
E94: 3.1 | F94: M
A95: Clave | B95: Materiales | C95: Unidad | D95: Cantidad | E95: V/Unitario | F95: V/Total
A96: Concreto | B96: Concreto f’c = 21 Mpa | C96: m3 | D96: 0.036 | E96: =CONCRETOS!E55 -> 679750 | F96: =D96*E96 -> 24471
A97: Acero | B97: Acero de refuerzo (Aceros #3 y #2) | C97: Kg | D97: 10.5 | E97: 5200 | F97: =D97*E97 -> 54600
A99: Importe de Materiales | C99: =F99/$E$20 -> 4.958673 | E99: SUBTOTAL | F99: =SUM(F96:F98) -> 79071
A100: Clave | B100: Mano de Obra | C100: Unidad | D100: Rendimiento | E100: V/Unitario | F100: V/Total
A101: 1 OFICIAL + 1 AYUDANTE | B101: ='DESG. CUADRILLAS'!C23 -> Cuadrilla 2 | C101: Jornal | D101: 0.4 | E101: ='DESG. CUADRILLAS'!D23 -> 326384.83 | F101: =ROUND(E101*D101,0) -> 130554
A102: Importe de Mano de Obra | C102: =F102/$E$20 -> 8.187257 | E102: SUBTOTAL | F102: =F101 -> 130554
A103: Clave | B103: Herramienta | C103: Unidad | D103: Cantidad | E103: V/Unitario | F103: V/Total
A104: HERRAMIENTA MENOR | B104: Herramienta menor | C104: (%)mo | D104: 0.05 | E104: =F102 -> 130554 | F104: =ROUND(E104*D104,0) -> 6528
A105: Equipo | B105: Encofrado en madera recuperable | C105: m2 | D105: 0.72 | E105: 45000 | F105: =D105*E105 -> 32400
A106: Importe de Herramienta | C106: =F106/$E$20 -> 2.4412392 | E106: SUBTOTAL | F106: =F104+F105 -> 38928
A107: Clave | B107: Conceptos | C107: Unidad | D107: Cantidad | E107: V/Unitario | F107: V/Total
A108: CARGUE/TRANS | B108: Cargue , transporte de materiales | C108: % | D108: 0.03 | E108: =F99 -> 79071 | F108: =D108*E108 -> 2372.13
A109: Importe de Conceptos | C109: =F109/$E$20 -> 0.14876019 | E109: SUBTOTAL | F109: =SUM(F108:F108) -> 2372.13
A111: P R E C I O U N I T A R I O | E111: =F99+F102+F106+F109 -> 250925.13
A113: ='PRESUP. OBRA'!A1 -> OBRAS PARA EL MEJORAMIENTO DE CASETA COMUNAL MONTEFRIO EN EL MUNICIPIO DE SANTA ROSA DE OSOS
A114: SECRETARÍA DE INFRAESTRUCTURA
...

Sheet F. PRESTACIONAL
A2: ='PRESUP. OBRA'!A1 -> OBRAS PARA EL MEJORAMIENTO DE CASETA COMUNAL MONTEFRIO EN EL MUNICIPIO DE SANTA ROSA DE OSOS
A8: Sueldos y parafiscales personal por salario mínimo
A9: SALARIO MINIMO 2025 | B9: 1423500 | C9: AUXILIO TRANSPORTE 2025 | E9: 200000
A10: SALARIO ANUAL SMMLV | B10: 1 | C10: 1.2 | D10: 1.5 | E10: 1.8 | F10: 2 | G10: 2.5 | H10: 3 | I10: 3.5 | J10: 4
A11: AUX. TRANS ANUAL SIN DESC (B*12) | B11: =+B12*12 -> 2400000 | C11: =+C12*12 -> 2400000 | D11: =+D12*12 -> 2400000 | E11: =+E12*12 -> 2400000 | F11: =+F12*12 -> 2400000 | G11: =+G12*12 -> 0 | H11: =+H12*12 -> 0 | I11: =+I12*12 -> 0 | J11: =+J12*12 -> 0
A12: (B) AUX. TRANS MES | B12: =$E$9 -> 200000 | C12: =$E$9 -> 200000 | D12: =$E$9 -> 200000 | E12: =$E$9 -> 200000 | F12: =$E$9 -> 200000
A13: (A) SALARIO MES | B13: =ROUND($B$9*B10,0) -> 1423500 | C13: =ROUND($B$9*C10,0) -> 1708200 | D13: =ROUND($B$9*D10,0) -> 2135250 | E13: =ROUND($B$9*E10,0) -> 2562300 | F13: =ROUND($B$9*F10,0) -> 2847000 | G13: =ROUND($B$9*G10,0) -> 3558750 | H13: =ROUND($B$9*H10,0) -> 4270500 | I13: =ROUND($B$9*I10,0) -> 4982250 | J13: =ROUND($B$9*J10,0) -> 5694000
A14: SUELDO ANUAL (Ax 12) | B14: =+ROUND(B13*12,0) -> 17082000 | C14: =+ROUND(C13*12,0) -> 20498400 | D14: =+ROUND(D13*12,0) -> 25623000 | E14: =+ROUND(E13*12,0) -> 30747600 | F14: =+ROUND(F13*12,0) -> 34164000 | G14: =+ROUND(G13*12,0) -> 42705000 | H14: =+ROUND(H13*12,0) -> 51246000 | I14: =+ROUND(I13*12,0) -> 59787000 | J14: =+ROUND(J13*12,0) -> 68328000
A15: (C ) CESANTÍAS (A+B)*10% | B15: =+ROUND((B14+B11)*0.1,0) -> 1948200 | C15: =+ROUND((C14+C11)*0.1,0) -> 2289840 | D15: =+ROUND((D14+D11)*0.1,0) -> 2802300 | E15: =+ROUND((E14+E11)*0.1,0) -> 3314760 | F15: =+ROUND((F14+F11)*0.1,0) -> 3656400 | G15: =+ROUND((G14+G11)*0.1,0) -> 4270500 | H15: =+ROUND((H14+H11)*0.1,0) -> 5124600 | I15: =+ROUND((I14+I11)*0.1,0) -> 5978700 | J15: =+ROUND((J14+J11)*0.1,0) -> 6832800
A16: VACACIONES (A+B) | B16: =+ROUND(B13/2,0) -> 711750 | C16: =+ROUND(C13/2,0) -> 854100 | D16: =+ROUND(D13/2,0) -> 1067625 | E16: =+ROUND(E13/2,0) -> 1281150 | F16: =+ROUND(F13/2,0) -> 1423500 | G16: =+ROUND(G13/2,0) -> 1779375 | H16: =+ROUND(H13/2,0) -> 2135250 | I16: =+ROUND(I13/2,0) -> 2491125 | J16: =+ROUND(J13/2,0) -> 2847000
A17: PRIMA (A+B) | B17: =+B13+B12 -> 1623500 | C17: =+C13+C12 -> 1908200 | D17: =+D13+D12 -> 2335250 | E17: =+E13+E12 -> 2762300 | F17: =+F13+F12 -> 3047000 | G17: =+G13+G12 -> 3558750 | H17: =+H13+H12 -> 4270500 | I17: =+I13+I12 -> 4982250 | J17: =+J13+J12 -> 5694000
A18: INTERES DE CESANTIA (CX12%) | B18: =+ROUND(B15*(1%*12),0) -> 233784 | C18: =+ROUND(C15*(1%*12),0) -> 274781 | D18: =+ROUND(D15*(1%*12),0) -> 336276 | E18: =+ROUND(E15*(1%*12),0) -> 397771 | F18: =+ROUND(F15*(1%*12),0) -> 438768 | G18: =+ROUND(G15*(1%*12),0) -> 512460 | H18: =+ROUND(H15*(1%*12),0) -> 614952 | I18: =+ROUND(I15*(1%*12),0) -> 717444 | J18: =+ROUND(J15*(1%*12),0) -> 819936
A19: FIC (Fondo (A+12/40) | B19: =+ROUND((B13*12)/40,0) -> 427050 | C19: =+ROUND((B13*12)/40,0) -> 427050 | D19: =+ROUND((B13*12)/40,0) -> 427050 | E19: =+ROUND((B13*12)/40,0) -> 427050 | F19: =+ROUND((B13*12)/40,0) -> 427050 | G19: =+ROUND((B13*12)/40,0) -> 427050 | H19: =+ROUND(($B$13*12)/40,0) -> 427050 | I19: =+ROUND(($B$13*12)/40,0) -> 427050 | J19: =+ROUND(($B$13*12)/40,0) -> 427050
A20: AUX. TRANSP CON DESC (B/30)-(360-18) | B20: =(B12/30)*(360-18) -> 2280000 | C20: =(C12/30)*(360-18) -> 2280000 | D20: =(D12/30)*(360-18) -> 2280000 | E20: =(E12/30)*(360-18) -> 2280000 | F20: =(F12/30)*(360-18) -> 2280000 | G20: =(G12/30)*(360-18) -> 0 | H20: =(H12/30)*(360-18) -> 0 | I20: =(I12/30)*(360-18) -> 0 | J20: =(J12/30)*(360-18) -> 0
A21: SALUD, ENFERMEDAD GENERAL Y MUERTE SEGÚN CREE | B21: 0 | C21: 0 | D21: 0 | E21: 0 | F21: 0 | G21: 0 | H21: 0 | I21: 0 | J21: 0
A22: PENSIÓN ((A*12)*12%) | B22: =+ROUND(B14*12%,0) -> 2049840 | C22: =+ROUND(C14*12%,0) -> 2459808 | D22: =+ROUND(D14*12%,0) -> 3074760 | E22: =+ROUND(E14*12%,0) -> 3689712 | F22: =+ROUND(F14*12%,0) -> 4099680 | G22: =+ROUND(G14*12%,0) -> 5124600 | H22: =+ROUND(H14*12%,0) -> 6149520 | I22: =+ROUND(I14*12%,0) -> 7174440 | J22: =+ROUND(J14*12%,0) -> 8199360
A23: RIESGOS PROFESIONALES ((A*12)*6,96) | B23: =+ROUND((B13*12)*6.96%,0) -> 1188907 | C23: =+ROUND((C13*12)*6.96%,0) -> 1426689 | D23: =+ROUND((D13*12)*6.96%,0) -> 1783361 | E23: =+ROUND((E13*12)*6.96%,0) -> 2140033 | F23: =+ROUND((F13*12)*6.96%,0) -> 2377814 | G23: =+ROUND((G13*12)*6.96%,0) -> 2972268 | H23: =+ROUND((H13*12)*6.96%,0) -> 3566722 | I23: =+ROUND((I13*12)*6.96%,0) -> 4161175 | J23: =+ROUND((J13*12)*6.96%,0) -> 4755629
A24: CAJA DE COMPENSACIÓN (A*12)*4%) | B24: =+ROUND((B13*12)*4%,0) -> 683280 | C24: =+ROUND((C13*12)*4%,0) -> 819936 | D24: =+ROUND((D13*12)*4%,0) -> 1024920 | E24: =+ROUND((E13*12)*4%,0) -> 1229904 | F24: =+ROUND((F13*12)*4%,0) -> 1366560 | G24: =+ROUND((G13*12)*4%,0) -> 1708200 | H24: =+ROUND((H13*12)*4%,0) -> 2049840 | I24: =+ROUND((I13*12)*4%,0) -> 2391480 | J24: =+ROUND((J13*12)*4%,0) -> 2733120
A25: SENA SEGÚN CREE | B25: 0 | C25: 0 | D25: 0 | E25: 0 | F25: 0 | G25: 0 | H25: 0 | I25: 0 | J25: 0
A26: ICBF SEGUN CREE | B26: 0 | C26: 0 | D26: 0 | E26: 0 | F26: 0 | G26: 0 | H26: 0 | I26: 0 | J26: 0
A27: DOTACIÓN | B27: 377400 | C27: 377400 | D27: 377400 | E27: 377400 | F27: 377400 | G27: 0 | H27: 0 | I27: 0 | J27: 0
A28: Implementos de seguridad industrial | B28: 172620 | C28: 172620 | D28: 172620 | E28: 172620 | F28: 172620 | G28: 172620 | H28: 172620 | I28: 172620 | J28: 172620
A29: TOTAL (X) | B29: =SUM(B14:B28) -> 28778331 | C29: =SUM(C14:C28) -> 33788824 | D29: =SUM(D14:D28) -> 41304562 | E29: =SUM(E14:E28) -> 48820300 | F29: =SUM(F14:F28) -> 53830792 | G29: =SUM(G14:G28) -> 63230823 | H29: =SUM(H14:H28) -> 75757054 | I29: =SUM(I14:I28) -> 88283284 | J29: =SUM(J14:J28) -> 100809515
A31: SALARIO NOMINAL
A32: ANUAL | B32: =+B11+B14 -> 19482000 | C32: =+C11+C14 -> 22898400 | D32: =+D11+D14 -> 28023000 | E32: =+E11+E14 -> 33147600 | F32: =+F11+F14 -> 36564000 | G32: =+G11+G14 -> 42705000 | H32: =+H11+H14 -> 51246000 | I32: =+I11+I14 -> 59787000 | J32: =+J11+J14 -> 68328000
A33: MENSUAL | B33: =+B12+B13 -> 1623500 | C33: =+C12+C13 -> 1908200 | D33: =+D12+D13 -> 2335250 | E33: =+E12+E13 -> 2762300 | F33: =+F12+F13 -> 3047000 | G33: =+G12+G13 -> 3558750 | H33: =+H12+H13 -> 4270500 | I33: =+I12+I13 -> 4982250 | J33: =+J12+J13 -> 5694000
A34: DÍA | B34: =+B33/30 -> 54116.667 | C34: =+C33/30 -> 63606.667 | D34: =+D33/30 -> 77841.667 | E34: =+E33/30 -> 92076.667 | F34: =+F33/30 -> 101566.67 | G34: =+G33/30 -> 118625 | H34: =+H33/30 -> 142350 | I34: =+I33/30 -> 166075 | J34: =+J33/30 -> 189800
A35: HORA | B35: =+ROUND(B34/8,0) -> 6765 | C35: =+ROUND(C34/8,0) -> 7951 | D35: =+ROUND(D34/8,0) -> 9730 | E35: =+ROUND(E34/8,0) -> 11510 | F35: =+ROUND(F34/8,0) -> 12696 | G35: =+ROUND(G34/8,0) -> 14828 | H35: =+ROUND(H34/8,0) -> 17794 | I35: =+ROUND(I34/8,0) -> 20759 | J35: =+ROUND(J34/8,0) -> 23725
A38: CÁLCULO DEL SOBRECOSTO PARA HORAS EFECTIVAS TRABAJADAS
A39: (F) SALARIO MÍNIMO ANUAL CON PRESTACIONES | C39: =+B29 -> 28778331
A40: (G) HORAS CALENDARIO ANUALES | B40: 360x8 HORAS | C40: =360*8 -> 2880
A41: (H) HORAS LABORALESANUALES | B41: 52 SEMANAS X48 HORAS | C41: =48*52 -> 2496
A42: (I) HORAS EFECTIVAS ANUALES | B42: 2920-((52DOMINGOS+15 FESTIVOS+3PERMISOS+15DIAS VACACIONES)X8 HORAS) | C42: =+(365-53-17-3-15)*8 -> 2216
A43: (J) VALOR HORA CALENDARIO (F/G) | C43: =+C39/C40 -> 9992.476 | D43: 1
A44: (K) VALOR HORA LABORAL (F/H) | C44: =+C39/C41 -> 11529.78 | D44: =+(C44*D43)/C43 -> 1.1538462
A45: (L) VALOR HORA EFECTIVA (F/I) | C45: =+C39/C42 -> 12986.611 | D45: =+(C45*D44)/C44 -> 1.299639
A47: SALARIO ANUAL SMMLV | B47: 1 | C47: 1.2 | D47: 1.5 | E47: 1.8 | F47: 2 | G47: 2.5 | H47: 3 | I47: 3.5 | J47: 4
A48: PORCENTAJE SALARIO VS SALARIO MÁS ADICIONES ((TOTAL ANUALX100%)/(SUELDO ANUAL+AUXILIO TRANSPORTE ANUAL) | B48: =+(B29*100%)/(B11+B14) -> 1.4771754 | C48: =+(C29*100%)/(C11+C14) -> 1.4755976 | D48: =+(D29*100%)/(D11+D14) -> 1.4739522 | E48: =+(E29*100%)/(E11+E14) -> 1.4728155 | F48: =+(F29*100%)/(F11+F14) -> 1.4722348 | G48: =+(G29*100%)/(G11+G14) -> 1.4806421 | H48: =+(H29*100%)/(H11+H14) -> 1.4783018 | I48: =+(I29*100%)/(I11+I14) -> 1.4766301 | J48: =+(J29*100%)/(J11+J14) -> 1.4753763
A49: PORCENTAJE HORA EFECTIVA BASE HORA CALENDARIO | B49: =+B48*$D$45 -> 1.9197947 | C49: =+C48*$D$45 -> 1.9177442 | D49: =+D48*$D$45 -> 1.9156057 | E49: =+E48*$D$45 -> 1.9141285 | F49: =+F48*$D$45 -> 1.9133737 | G49: =+G48*$D$45 -> 1.9243003 | H49: =+H48*$D$45 -> 1.9212587 | I49: =+I48*$D$45 -> 1.9190861 | J49: =+J48*$D$45 -> 1.9174566

Sheet MATERIALES2

Sheet DESG. CUADRILLAS
A1: ='PRESUP. OBRA'!A1 -> OBRAS PARA EL MEJORAMIENTO DE CASETA COMUNAL MONTEFRIO EN EL MUNICIPIO DE SANTA ROSA DE OSOS
A7: DESCRIPCION | B7: JORNAL | C7: RANGO SALARIAL | D7: SALARIO/DIA | E7: PRESTACIONES SOCIALES | F7: TOTAL
A8: Ofiacial 1 | B8: =D17/30 -> 47450 | C8: 2.85 | D8: =B8*C8 -> 135232.5 | E8: 1.65 | F8: =D8*E8 -> 223133.62
A9: Ayudante raso | B9: =D17/30 -> 47450 | C9: 1.28 | D9: =B9*C9 -> 60736 | E9: 1.7 | F9: =D9*E9 -> 103251.2
A10: Ayudante entendido | B10: =D17/30 -> 47450 | C10: 1.91 | D10: =B10*C10 -> 90629.5 | E10: 1.7 | F10: =D10*E10 -> 154070.15
A11: Electricista | B11: =$D$17/30 -> 47450 | C11: 3.11 | D11: =B11*C11 -> 147569.5 | E11: 1.65 | F11: =D11*E11 -> 243489.67
A12: Soldador | B12: =$D$17/30 -> 47450 | C12: 3.11 | D12: =B12*C12 -> 147569.5 | E12: 1.65 | F12: =D12*E12 -> 243489.67
A13: Topografo | B13: =D17/30 -> 47450 | C13: 3.83 | D13: =B13*C13 -> 181733.5 | E13: 1.65 | F13: =D13*E13 -> 299860.27
A14: Cadenero | B14: =D17/30 -> 47450 | C14: 2.39 | D14: =B14*C14 -> 113405.5 | E14: 1.65 | F14: =D14*E14 -> 187119.07
A16: ANALISI MANO DE OBRA
A17: Salario Minimo Mensual Legal Vigente año 2025 | D17: ='F. PRESTACIONAL'!B9 -> 1423500
A18: Subsidio de Transporte (Salario <= 2SMMLV) | D18: ='F. PRESTACIONAL'!E9 -> 200000
A20: ANALISIS DE CUADRILLAS GENERALES
A21: 1 Ayudante entendido | D21: =F10 -> 154070.15
A22: 2 Ayudantes | C22: Cuadrilla 1 | D22: =F9*2 -> 206502.4
A23: 1 Oficial + 1 Ayudante | C23: Cuadrilla 2 | D23: =F8+F9 -> 326384.83
A24: 1 Oficial + 1 Ayudante Entendido | C24: Cuadrilla 3 | D24: =F8+F10 -> 377203.78
A25: 1 Oficial + 2 Ayudante | C25: Cuadrilla 4 | D25: =F8+F9+F9 -> 429636.03
A26: 1 Oficial + 2 Ayudante+ 1 Ayudante entendido | C26: Cuadrilla 5 | D26: =D25+F10 -> 583706.18
A27: 1 Oficial + 3 Ayudantes | C27: Cuadrilla 6 | D27: =F8+F9+F9+F9 -> 532887.22
A28: 1 Oficial + 4 Ayudantes | C28: Cuadrilla 7 | D28: =D27+F9 -> 636138.42
A29: 1 Oficial + 4 Ayudantes+1 Ayudante entendido | C29: Cuadrilla 8 | D29: =D28+F10 -> 790208.57
A30: 1 Oficial + 6 Ayudantes+1 Ayudante entendido | C30: Cuadrilla 9 | D30: =F8+(F9*6)+F10 -> 996710.97

Sheet INSUMOS
A1: ='PRESUP. OBRA'!A1 -> OBRAS PARA EL MEJORAMIENTO DE CASETA COMUNAL MONTEFRIO EN EL MUNICIPIO DE SANTA ROSA DE OSOS
A7: Código | B7: ACTIVIDADES | C7: Unidad | D7: Valor Unitario
A8: A01 | B8: Acero 60.000 psi | C8: kg | D8: =6002.38*1.1 -> 6602.618
A9: A02 | B9: Arena fina | C9: m³ | D9: =200000*1.1 -> 220000
A10: A03 | B10: Arena de pega | C10: m³ | D10: =110000*1.1 -> 121000
A11: A04 | B11: Triturado + Transporte | C11: m³ | D11: =215000*1.1 -> 236500
A12: A05 | B12: Bloque en concreto de 15x20x40 | C12: un | D12: =4202*1.1 -> 4622.2
A13: A06 | B13: Bloque concreto R-10Mpa 2P Intermedio 10 X 20 X 40 | C13: un | D13: =3361*1.1 -> 3697.1
A14: A07 | B14: Cemento gris | C14: kg | D14: =824*1.1 -> 906.4

Sheet EQUIPO
A1: ='PRESUP. OBRA'!A1 -> OBRAS PARA EL MEJORAMIENTO DE CASETA COMUNAL MONTEFRIO EN EL MUNICIPIO DE SANTA ROSA DE OSOS
A7: Código | B7: EQUIPO | C7: Unidad | D7: Valor Unitario
A8: E01 | B8: Retroexcavadora | C8: Hr | D8: 121000
A9: E02 | B9: Motoniveladora | C9: Hr | D9: 181500
A10: E03 | B10: Vibrocompactador | C10: Hr | D10: 110000
A11: E04 | B11: Compactador SD70 | C11: Hr | D11: 77000
A12: E05 | B12: Carrotanque agua | C12: Hr | D12: 93500
A13: E06 | B13: Vibrocompactador (Canguro) | C13: Dia | D13: 57200
A14: E07 | B14: Vibrocompactador (Rana) | C14: Dia | D14: 55000
A15: E08 | B15: Vibrador electrico | C15: Dia | D15: 66000
A16: E09 | B16: Cortadora | C16: Dia | D16: 49500
A17: E10 | B17: Compresor Martillo | C17: Hr | D17: 49500
A18: E11 | B18: Concretadora | C18: Dia | D18: 71500
A19: E12 | B19: Motobomba sumergible | C19: Dia | D19: 49500

Sheet CONCRETOS
A1: ='PRESUP. OBRA'!A1 -> OBRAS PARA EL MEJORAMIENTO DE CASETA COMUNAL MONTEFRIO EN EL MUNICIPIO DE SANTA ROSA DE OSOS
A7: MORTEROS Y CONCRETOS
A9: PRECIO ACTUAL DE CEMENTO | C9: Bulto 50 kg | D9: unitario
B10: kg | C10: =D10*50 -> 45320 | D10: =INSUMOS!D14 -> 906.4
A11: PRECIO ACTUAL DE ARENA FINA | B11: m³ | D11: =INSUMOS!D9 -> 220000
A12: PRECIO ACTUAL DE ARENA LAVADA DE PEÑA | B12: m³ | D12: 250000
A13: GRAVA | B13: m³ | D13: =INSUMOS!D11 -> 236500
A14: AGUA | B14: L | D14: 75
A16: mortero 1:4 con Arena de peña
A17: material | B17: Unidad | C17: Cantidad | D17: Valor unitario | E17: Valor parcial
A18: Cemento | B18: kg | C18: 364 | D18: =D10 -> 906.4 | E18: =+ROUND(D18*C18,0) -> 329930
A19: Arena fina | B19: m³ | C19: 1.16 | D19: =D11 -> 220000 | E19: =+ROUND(D19*C19,0) -> 255200
A20: Agua | B20: L | C20: 220 | D20: =D14 -> 75 | E20: =+ROUND(D20*C20,0) -> 16500
A21: TOTAL | E21: =SUM(E18:E20) -> 601630
A23: Mortero 1:5 con arena de peña
A24: material | B24: Unidad | C24: Cantidad | D24: Valor unitario | E24: Valor parcial
A25: Cemento | B25: kg | C25: 302 | D25: =D10 -> 906.4 | E25: =+ROUND(D25*C25,0) -> 273733
A26: Arena fina | B26: m³ | C26: 1.2 | D26: =+$C$11 -> 0 | E26: =+ROUND(D26*C26,0) -> 0
A27: Agua | B27: L | C27: 182 | D27: =+D14 -> 75 | E27: =+ROUND(D27*C27,0) -> 13650
A28: TOTAL | E28: =SUM(E25:E27) -> 287383
A30: Concreto 4.000 psi | B30: 280 kg/cm²
A31: material | B31: Unidad | C31: Cantidad | D31: Valor unitario | E31: Valor parcial
A32: Cemento | B32: kg | C32: 420 | D32: =D10 -> 906.4 | E32: =+ROUND(D32*C32,0) -> 380688
A33: Arena lavada de río | B33: m³ | C33: 0.67 | D33: =D12 -> 250000 | E33: =+ROUND(D33*C33,0) -> 167500
A34: Grava | B34: m³ | C34: 0.67 | D34: =D13 -> 236500 | E34: =+ROUND(D34*C34,0) -> 158455
A35: Mezcladora de trompo | B35: día | C35: 0.13 | D35: 45000 | E35: =+ROUND(D35*C35,0) -> 5850
A36: Agua | B36: L | C36: 260 | D36: =+D14 -> 75 | E36: =+ROUND(D36*C36,0) -> 19500
A37: TOTAL | E37: =SUM(E32:E36) -> 731993
A39: Concreto 3.500 psi | B39: 246 kg/cm²
A40: material | B40: Unidad | C40: Cantidad | D40: Valor unitario | E40: Valor parcial
A41: Cemento | B41: kg | C41: 380 | D41: =D10 -> 906.4 | E41: =+ROUND(D41*C41,0) -> 344432
A42: Arena lavada de río | B42: m³ | C42: 0.6 | D42: =D12 -> 250000 | E42: =+ROUND(D42*C42,0) -> 150000
A43: Grava | B43: m³ | C43: 0.76 | D43: =D13 -> 236500 | E43: =+ROUND(D43*C43,0) -> 179740
A44: Mezcladora de trompo | B44: día | C44: 0.13 | D44: =D35 -> 45000 | E44: =+ROUND(D44*C44,0) -> 5850
A45: Agua | B45: L | C45: 250 | D45: =+D14 -> 75 | E45: =+ROUND(D45*C45,0) -> 18750
A46: TOTAL | E46: =SUM(E41:E45) -> 698772
A48: Concreto 3.000 psi | B48: 210 kg/cm²
A49: material | B49: Unidad | C49: Cantidad | D49: Valor unitario | E49: Valor parcial
A50: Cemento | B50: kg | C50: 350 | D50: =D10 -> 906.4 | E50: =+ROUND(D50*C50,0) -> 317240
A51: Arena lavada de río | B51: m³ | C51: 0.56 | D51: =D12 -> 250000 | E51: =+ROUND(D51*C51,0) -> 140000
A52: Grava | B52: m³ | C52: 0.84 | D52: =D13 -> 236500 | E52: =+ROUND(D52*C52,0) -> 198660
A53: Mezcladora de trompo | B53: día | C53: 0.23 | D53: =D44 -> 45000 | E53: =+ROUND(D53*C53,0) -> 10350
A54: Agua | B54: L | C54: 180 | D54: =+D14 -> 75 | E54: =+ROUND(D54*C54,0) -> 13500
A55: TOTAL | E55: =SUM(E50:F54) -> 679750
A57: Concreto 2.500 psi | B57: 175 kg/cm²
A58: material | B58: Unidad | C58: Cantidad | D58: Valor unitario | E58: Valor parcial
A59: Cemento | B59: kg | C59: 260 | D59: =D10 -> 906.4 | E59: =+ROUND(D59*C59,0) -> 235664
A60: Arena lavada de río | B60: m³ | C60: 0.52 | D60: =D12 -> 250000 | E60: =+ROUND(D60*C60,0) -> 130000
A61: Grava | B61: m³ | C61: 0.94 | D61: =D13 -> 236500 | E61: =+ROUND(D61*C61,0) -> 222310
A62: Mezcladora de trompo | B62: día | C62: 0.13 | D62: =D53 -> 45000 | E62: =+ROUND(D62*C62,0) -> 5850
A63: Agua | B63: L | C63: 170 | D63: =+D14 -> 75 | E63: =+ROUND(D63*C63,0) -> 12750
A64: TOTAL | E64: =SUM(E59:E63) -> 606574
A66: Concreto 2.000 psi | B66: 140 kg/cm²
A67: material | B67: Unidad | C67: Cantidad | D67: Valor unitario | E67: Valor parcial
A68: Cemento | B68: kg | C68: 230 | D68: =D10 -> 906.4 | E68: =+ROUND(D68*C68,0) -> 208472
A69: Arena lavada de río | B69: m³ | C69: 0.55 | D69: =D12 -> 250000 | E69: =+ROUND(D69*C69,0) -> 137500
A70: Grava | B70: m³ | C70: 0.92 | D70: =D13 -> 236500 | E70: =+ROUND(D70*C70,0) -> 217580
A71: Mezcladora de trompo | B71: día | C71: 0.13 | D71: =D62 -> 45000 | E71: =+ROUND(D71*C71,0) -> 5850
A72: Agua | B72: L | C72: 170 | D72: =+D14 -> 75 | E72: =+ROUND(D72*C72,0) -> 12750
A73: TOTAL | E73: =SUM(E68:E72) -> 582152
A75: Concreto pobre 1.500 psi | B75: 105 kg/cm²
A76: material | B76: Unidad | C76: Cantidad | D76: Valor unitario | E76: Valor parcial
A77: Cemento | B77: kg | C77: 175 | D77: =D10 -> 906.4 | E77: =+ROUND(D77*C77,0) -> 158620
A78: Arena lavada de río | B78: m³ | C78: 0.55 | D78: =D12 -> 250000 | E78: =+ROUND(D78*C78,0) -> 137500
A79: Grava | B79: m³ | C79: 0.98 | D79: =D13 -> 236500 | E79: =+ROUND(D79*C79,0) -> 231770
A80: Mezcladora de trompo | B80: día | C80: 0.13 | D80: =D71 -> 45000 | E80: =+ROUND(D80*C80,0) -> 5850
A81: Agua | B81: L | C81: 160 | D81: =+D14 -> 75 | E81: =+ROUND(D81*C81,0) -> 12000
A82: TOTAL | E82: =SUM(E77:F81) -> 545740
A84: CONCRETOS
A85: TIPO en psi | B85: Unidad | C85: Cantidad | D85: Valor unitario
A86: 1.500 Normal | B86: m³ | C86: 1 | D86: =E82 -> 545740
A87: 2.000 Normal | B87: m³ | C87: 1 | D87: =E73 -> 582152
A88: 2.500 Normal | B88: m³ | C88: 1 | D88: =E64 -> 606574
A89: 3.000 Normal | B89: m³ | C89: 1 | D89: =E55 -> 679750
A90: 3.500 Normal | B90: m³ | C90: 1 | D90: =E46 -> 698772

Sheet A DE CONC
A1: MEZCLAS DE MORTEROS Y RESISTENCIAS ESPERADAS | I1: CANTIDADES DE MATERIA | M1: PRECIO MATERIALES
A2: MEZCLA | B2: CEMENTO | D2: ARENA | E2: AGUA LITROS | G2: RESISTENCIA | H2: ESPERADA | I2: MORTERO | J2: CEMENTO | L2: ARENA | M2: CEMENTO | N2: ARENA
B3: Kg | C3: BULTO | D3: m3 | E3: ARENA SECA | F3: ARENA HUM. | G3: MPA | H3: Psi | I3: m3 | J3: Kg | K3: Bultos(50Kg) | L3: m3 | M3: 20600 | N3: 116000
A4: .1:2 | B4: 610 | C4: 12.2 | D4: 0.97 | E4: 250 | F4: 220 | G4: 31 | H4: 4400 | J4: =I4*B4 -> 0 | K4: =ROUND(((J4/50)),0) -> 0 | L4: =I4*D4 -> 0 | M4: =K4*$M$3 -> 0 | N4: =L4*$N$3 -> 0
A5: .1:3 | B5: 454 | C5: 9.08 | D5: 1.09 | E5: 220 | F5: 185 | G5: 28 | H5: 3980 | J5: =I5*B5 -> 0 | K5: =ROUND(((J5/50)),0) -> 0 | L5: =I5*D5 -> 0 | M5: =K5*$M$3 -> 0 | N5: =L5*$N$3 -> 0
A6: .1:4 | B6: 364 | C6: 7.28 | D6: 1.16 | E6: 185 | F6: 170 | G6: 24 | H6: 3400 | J6: =I6*B6 -> 0 | K6: =ROUND(((J6/50)),0) -> 0 | L6: =I6*D6 -> 0 | M6: =K6*$M$3 -> 0 | N6: =L6*$N$3 -> 0
A7: .1:5 | B7: 302 | C7: 6.04 | D7: 1.18 | E7: 170 | F7: 150 | G7: 20 | H7: 2850 | J7: =I7*B7 -> 0 | K7: =ROUND(((J7/50)),0) -> 0 | L7: =I7*D7 -> 0 | M7: =K7*$M$3 -> 0 | N7: =L7*$N$3 -> 0
A8: .1:6 | B8: 261 | C8: 5.22 | D8: 1.2 | E8: 150 | F8: 140 | G8: 16 | H8: 2280 | J8: =I8*B8 -> 0 | K8: =ROUND(((J8/50)),0) -> 0 | L8: =I8*D8 -> 0 | M8: =K8*$M$3 -> 0 | N8: =L8*$N$3 -> 0
A9: .1.7 | B9: 228 | C9: 4.56 | D9: 1.25 | E9: 140 | F9: 130 | G9: 12 | H9: 1850 | J9: =I9*B9 -> 0 | K9: =ROUND(((J9/50)),0) -> 0 | L9: =I9*D9 -> 0 | M9: =K9*$M$3 -> 0 | N9: =L9*$N$3 -> 0
L10: TOTAL | M10: =SUM(M4:M9) -> 0 | N10: =SUM(N4:N9) -> 0 | O10: =M10+N10 -> 0
A12: MEZCLAS DE CONCRETOS Y RESISTENCIAS ESPERADAS | J12: CANTIDADES DE MATERIAL | O12: PRECIO MATERIALES
A13: MEZCLA | B13: CEMENTO | D13: ARENA | E13: TRITURADO | F13: AGUA LITROS | H13: RESISTENCIA ESPERADA | J13: CONCRETO | K13: CEMENTO | M13: ARENA | N13: TRITURADO | O13: CEMENTO | P13: ARENA | Q13: TRITURADO
B14: Kg | C14: BULTO | D14: m3 | E14: m3 | F14: AGRE SECA | G14: AGRE HUM. | H14: MPA | I14: Psi | J14: m3 | K14: Kg | L14: BULTOS(50Kg) | M14: m3 | N14: m3 | O14: =#REF! -> #REF! | P14: =#REF! -> #REF! | Q14: =#REF! -> #REF!
A15: .1:2:2 | B15: 420 | C15: 8.4 | D15: 0.67 | E15: 0.67 | F15: 200 | G15: 180 | H15: 25 | I15: 3555 | K15: =J15*B15 -> 0 | L15: =ROUND(((K15/50)),0) -> 0 | M15: =J15*D15 -> 0 | N15: =J15*E15 -> 0 | O15: =L15*$O$14 -> #REF! | P15: =M15*$P$14 -> #REF! | Q15: =N15*$Q$14 -> #REF!
A16: .1:2:2,5 | B16: 380 | C16: 7.6 | D16: 0.6 | E16: 0.76 | F16: 190 | G16: 170 | H16: 24 | I16: 3400 | K16: =J16*B16 -> 0 | L16: =ROUND(((K16/50)),0) -> 0 | M16: =J16*D16 -> 0 | N16: =J16*E16 -> 0 | O16: =L16*$O$14 -> #REF! | P16: =M16*$P$14 -> #REF! | Q16: =N16*$Q$14 -> #REF!
A17: .1:2:3 | B17: 350 | C17: 7 | D17: 0.555 | E17: 0.835 | F17: 180 | G17: 160 | H17: 22 | I17: 3130 | K17: =J17*B17 -> 0 | L17: =ROUND(((K17/50)),0) -> 0 | M17: =J17*D17 -> 0 | N17: =J17*E17 -> 0 | O17: =L17*$O$14 -> #REF! | P17: =M17*$P$14 -> #REF! | Q17: =N17*$Q$14 -> #REF!
A18: .1:2:3,5 | B18: 320 | C18: 6.4 | D18: 0.515 | E18: 0.9 | F18: 180 | G18: 150 | H18: 21 | I18: 3000 | J18: 1 | K18: =J18*B18 -> 320 | L18: =ROUND(((K18/50)),0) -> 6 | M18: =J18*D18 -> 0.515 | N18: =J18*E18 -> 0.9 | O18: =L18*$O$14 -> #REF! | P18: =M18*$P$14 -> #REF! | Q18: =N18*$Q$14 -> #REF!
A19: .1:2:4 | B19: 300 | C19: 6 | D19: 0.475 | E19: 0.95 | F19: 170 | G19: 145 | H19: 20 | I19: 2850 | K19: =J19*B19 -> 0 | L19: =ROUND(((K19/50)),0) -> 0 | M19: =J19*D19 -> 0 | N19: =J19*E19 -> 0 | O19: =L19*$O$14 -> #REF! | P19: =M19*$P$14 -> #REF! | Q19: =N19*$Q$14 -> #REF!
A20: .1:2,5:4 | B20: 280 | C20: 5.6 | D20: 0.555 | E20: 0.89 | F20: 170 | G20: 145 | H20: 19 | I20: 2700 | K20: =J20*B20 -> 0 | L20: =ROUND(((K20/50)),0) -> 0 | M20: =J20*D20 -> 0 | N20: =J20*E20 -> 0 | O20: =L20*$O$14 -> #REF! | P20: =M20*$P$14 -> #REF! | Q20: =N20*$Q$14 -> #REF!
A21: .1:2,5:4,5 | B21: 230 | C21: 5.2 | D21: 0.5 | E21: 0.94 | F21: 160 | G21: 140 | H21: 18 | I21: 2560 | K21: =J21*B21 -> 0 | L21: =ROUND(((K21/50)),0) -> 0 | M21: =J21*D21 -> 0 | N21: =J21*E21 -> 0 | O21: =L21*$O$14 -> #REF! | P21: =M21*$P$14 -> #REF! | Q21: =N21*$Q$14 -> #REF!
A22: .1:3:3 | B22: 300 | C22: 6 | D22: 0.715 | E22: 0.715 | F22: 170 | G22: 145 | H22: 17 | I22: 2400 | K22: =J22*B22 -> 0 | L22: =ROUND(((K22/50)),0) -> 0 | M22: =J22*D22 -> 0 | N22: =J22*E22 -> 0 | O22: =L22*$O$14 -> #REF! | P22: =M22*$P$14 -> #REF! | Q22: =N22*$Q$14 -> #REF!
A23: .1:3:4 | B23: 250 | C23: 5.2 | D23: 0.625 | E23: 0.825 | F23: 165 | G23: 140 | H23: 16 | I23: 2280 | K23: =J23*B23 -> 0 | L23: =ROUND(((K23/50)),0) -> 0 | M23: =J23*D23 -> 0 | N23: =J23*E23 -> 0 | O23: =L23*$O$14 -> #REF! | P23: =M23*$P$14 -> #REF! | Q23: =N23*$Q$14 -> #REF!
A24: .1:3:5 | B24: 230 | C24: 4.6 | D24: 0.555 | E24: 0.92 | F24: 160 | G24: 135 | H24: 14 | I24: 2000 | K24: =J24*B24 -> 0 | L24: =ROUND(((K24/50)),0) -> 0 | M24: =J24*D24 -> 0 | N24: =J24*E24 -> 0 | O24: =L24*$O$14 -> #REF! | P24: =M24*$P$14 -> #REF! | Q24: =N24*$Q$14 -> #REF!
A25: .1:3:6 | B25: 210 | C25: 4.2 | D25: 0.5 | E25: 1 | F25: 155 | G25: 130 | H25: 12 | I25: 1700 | K25: =J25*B25 -> 0 | L25: =ROUND(((K25/50)),0) -> 0 | M25: =J25*D25 -> 0 | N25: =J25*E25 -> 0 | O25: =L25*$O$14 -> #REF! | P25: =M25*$P$14 -> #REF! | Q25: =N25*$Q$14 -> #REF!
A26: .1:4:7 | B26: 175 | C26: 3.5 | D26: 0.555 | E26: 0.975 | F26: 145 | G26: 120 | H26: 11 | I26: 1560 | K26: =J26*B26 -> 0 | L26: =ROUND(((K26/50)),0) -> 0 | M26: =J26*D26 -> 0 | N26: =J26*E26 -> 0 | O26: =L26*$O$14 -> #REF! | P26: =M26*$P$14 -> #REF! | Q26: =N26*$Q$14 -> #REF!
A27: .1:4:8 | B27: 160 | C27: 3.2 | D27: 0.655 | E27: 1.025 | F27: 110 | G27: 110 | H27: 10 | I27: 1420 | K27: =J27*B27 -> 0 | L27: =ROUND(((K27/50)),0) -> 0 | M27: =J27*D27 -> 0 | N27: =J27*E27 -> 0 | O27: =L27*$O$14 -> #REF! | P27: =M27*$P$14 -> #REF! | Q27: =N27*$Q$14 -> #REF!
N28: TOTAL | O28: =SUM(O15:O27) -> #REF! | P28: =SUM(P15:P27) -> #REF! | Q28: =SUM(Q15:Q27) -> #REF! | R28: =O28+P28+Q28 -> #REF!
Q29: m3 | R29: 231050
K30: 21MPa | L30: Tte de Materiales | M30: Maceo - Remedios | N30: m3 | O30: 120000 | Q30: 1.415 | R30: =O30*Q30 -> 169800
M31: Remedios - Caño T | N31: m3 | O31: 120000 | Q31: 1.415 | R31: =O31*Q31 -> 169800
M33: Concretadora | N33: dia | O33: 70000 | P33: 6 | Q33: =O33/6 -> 11666.667 | R33: =Q33 -> 11666.667
R34: =SUM(R29:R33) -> 582316.67
M35: mano de Obra | N35: 0.36 | R35: =R34*N35 -> 209634
M36: Herramientas | N36: 0.05 | R36: =R35*N36 -> 10481.7
R37: =SUM(R34:R36) -> 802432.37
Q38: m3 | R38: 232100
K39: 17MPa | L39: Tte de Materiales | M39: Maceo - Remedios | N39: m3 | O39: 120000 | P39: 1.44 | R39: =O39*P39 -> 172800
M40: Remedios - Caño T | N40: m3 | O40: 120000 | P40: =P39 -> 1.44 | R40: =O40*P40 -> 172800
M42: Concretadora | N42: dia | O42: 70000 | P42: 6 | Q42: =O42/6 -> 11666.667 | R42: =Q42 -> 11666.667
R43: =SUM(R38:R42) -> 589366.67
M44: mano de Obra | N44: 0.36 | R44: =R43*N44 -> 212172
M45: Herramientas | N45: 0.05 | R45: =R44*N45 -> 10608.6
R46: =SUM(R43:R45) -> 812147.27

Sheet CONCRETOS Y MORTEROS
B2: MUNICIPIO DE REMEDIOS
B5: ANALISIS DE PRECIOS UNITARIOS A.P.U.
A6: PROYECTO: | B6: PLACA HUELLA
A7: DESCRIPCION: | E7: UNIDAD | F7: ITEM:
A8: Concreto 21Mpa en obra 1:2:3 | E8: m3
A10: RECURSOS | B10: UN | C10: CANTIDAD | D10: RENDIMIENTO | E10: Valor UNIT. | F10: VALOR TOTAL
A12: MATERIALES
A13: triturado de 3/4 pulg | B13: m3 | C13: =0.835*1.05 -> 0.87675 | D13: 1 | E13: 65400 | F13: =ROUND(E13*(C13/D13),0) -> 57339
A14: arena de concreto | B14: m3 | C14: =0.555*1.1 -> 0.6105 | D14: 1 | E14: 38080 | F14: =ROUND(E14*(C14/D14),0) -> 23248
A15: cemento gris tipo I (50 kg) | B15: sac | C15: =7*1.1 -> 7.7 | D15: 1 | E15: 30000 | F15: =ROUND(E15*(C15/D15),0) -> 231000
A16: agua | B16: l | C16: 180 | D16: 1 | E16: 30 | F16: =ROUND(E16*(C16/D16),0) -> 5400
E18: Subtotal = | F18: =SUM(F13:F17) -> 316987
A19: EQUIPO
A20: Herramienta | B20: Gl | C20: 1 | E20: =F29*0.05 -> 2068.9 | F20: =ROUND(E20*C20,0) -> 2069
A21: mezc.1 saco incluye transporte e la obra | B21: día | C21: 1 | D21: 15.384615 | E21: 60000 | F21: =ROUND((C21/D21)*E21,0) -> 3900
F22: =ROUND(E22*C22,0) -> 0
E24: Subtotal = | F24: =SUM(F20:F23) -> 5969
A25: MANO DE OBRA
A26: Ayudante | B26: jor | C26: 1 | D26: 2 | E26: 58446 | F26: =ROUND(E26*(C26/D26),0) -> 29223
A27: Oficial | B27: jor | C27: 1 | D27: 10 | E27: 121552 | F27: =ROUND(E27*(C27/D27),0) -> 12155
F28: =ROUND(E28*C28,0) -> 0
E29: Subtotal = | F29: =SUM(F26:F28) -> 41378
A30: TRANSPORTE
C31: Distancia | D31: m3/Km
A32: Transporte saco cemento | B32: saco | C32: 7.7 | E32: 1360 | F32: =ROUND(E32*C32,0) -> 10472
A33: Transporte de triturado de 3/4 pulg | B33: m3/Km | C33: 63 | D33: =+C33*C13 -> 55.23525 | E33: 4563.93 | F33: =ROUND(E33*D33,0) -> 252090
A34: Tranporte de arena de concreto | B34: m3/Km | C34: 63 | D34: =+C34*C14 -> 38.4615 | E34: =+E33 -> 4563.93 | F34: =ROUND(E34*D34,0) -> 175536
F35: =ROUND(E35*C35,0) -> 0
E36: Subtotal = | F36: =SUM(F32:F35) -> 438098
E37: Total Costo Directo = | F37: =F29+F24+F18+F36 -> 802432
B40: MUNICIPIO DE REMEDIOS
B43: ANALISIS DE PRECIOS UNITARIOS A.P.U.
A44: PROYECTO: | B44: PLACA HUELLA
A45: DESCRIPCION: | E45: UNIDAD | F45: ITEM:
A46: Mortero 1:3 en obra | E46: m3
A48: RECURSOS | B48: UN | C48: CANTIDAD | E48: Valor UNIT. | F48: VALOR TOTAL
A50: MATERIALES
A51: Arena de Pega puesta en obra | B51: m3 | C51: =1.09*1.1 -> 1.199 | D51: 1 | E51: 40000 | F51: =ROUND(E51*(C51/D51),0) -> 47960
A52: cemento gris tipo I (50 kg) | B52: sac | C52: =9*1.1 -> 9.9 | D52: 1 | E52: 28540 | F52: =ROUND(E52*(C52/D52),0) -> 282546
A53: agua | B53: l | C53: 252 | D53: 1 | E53: 30 | F53: =ROUND(E53*(C53/D53),0) -> 7560
E56: Subtotal = | F56: =SUM(F51:F55) -> 338066
A57: EQUIPO
A58: Herramienta | B58: Gl | C58: 1 | E58: =F67*0.05 -> 2653.35 | F58: =ROUND(E58*C58,0) -> 2653
A59: mezc.1 saco elect. | B59: día | C59: 0.065 | E59: 60000 | F59: =ROUND(E59*C59,0) -> 3900
F60: =ROUND(E60*C60,0) -> 0
E62: Subtotal = | F62: =SUM(F58:F61) -> 6553
A63: MANO DE OBRA
A64: Ayudante | B64: jor | C64: 1 | D64: 1.4285714 | E64: 58446 | F64: =ROUND(E64*(C64/D64),0) -> 40912
A65: Oficial | B65: jor | C65: 1 | D65: 10 | E65: 121552 | F65: =ROUND(E65*(C65/D65),0) -> 12155
F66: =ROUND(E66*C66,0) -> 0
E67: Subtotal = | F67: =SUM(F64:F66) -> 53067
A68: TRANSPORTE
A69: Transporte urbano saco cemento | B69: saco | C69: =9*1.1 -> 9.9 | E69: 1300 | F69: =ROUND(E69*C69,0) -> 12870
F70: =ROUND(E70*C70,0) -> 0
E71: Subtotal = | F71: =SUM(F69:F70) -> 12870
E72: Total Costo Directo = | F72: =F67+F62+F56+F71 -> 410556
